 Dungeon Crawl Stone Soup version 0.29.0-4-gdea44cf6ec (webtiles) character file.

Game seed: 8541112766199126918

323077 qw the Hoplite (level 18, -17/162 (182) HPs)
             Began as a Minotaur Fighter on Sept 5, 2022.
             Was the Champion of Ru.
             Killed from afar by a fire giant (46 damage)
             ... with a bolt of fire
             ... on level 2 of the Depths.
             The game lasted 00:20:32 (40065 turns).

qw the Hoplite (Minotaur Fighter)                  Turns: 40065, Time: 00:20:32

HP:   -17/162 (182) AC: 44    Str: 26      XL:     18   Next: 68%
MP:   13/13         EV: 10    Int:  7      God:    Ru [******]
Gold: 1511          SH: 24    Dex: 10 (11) Spells: 17/17 levels left

rFire   . . .      SeeInvis .   h - +2 war axe (vamp)
rCold   . . .      Faith    .   z - +0 tower shield
rNeg    . . .      Spirit   .   j - +10 plate armour "Miqauliok" {Int+2}
rPois   .          Reflect  .   (helmet restricted)
rElec   .          Harm     .   o - +2 cloak
rCorr   .          Rampage  +   n - +2 pair of gloves
Will    +....                   g - +2 pair of boots {rampage}
Stlth   ..........              e - amulet of regeneration
HPRegen 1.17/turn               k - +4 ring of protection
MPRegen 0.13/turn               b - +4 ring of slaying {mikee}

@: lethally poisoned (-17 -> -65), about to teleport, heavily drained
A: horns 2, inability to use devices, unskilled 1, inexperienced 2, retaliatory
headbutt, talons 1, large bone plates 1, deterioration 1, low MP 2, weak 1,
subdued magic 1
}: 2/15 runes: decaying, gossamer
a: Renounce Religion, Draw Out Power, Power Leap, Apocalypse


You were on level 2 of the Depths.
You worshipped Ru.
Ru was exalted by your worship.
You visited 8 branches of the dungeon, and saw 37 of its levels.
You visited the Abyss 1 time.

You collected 3592 gold pieces.
You spent 2081 gold pieces at shops.


Innate Abilities, Weirdness & Mutations

You have a pair of horns on your head.
You cannot study or use magical devices.
You are somewhat unskilled. (-1 Apt)
You are inexperienced. (-2 XL)
You reflexively headbutt those who attack you in melee.
You have sharp toenails.
You are partially covered in large bone plates. (SH +4)
Your body sometimes deteriorates upon taking damage.
Your magical capacity is very low. (-20% MP)
You are weak. (Str -2)
Your spells are a little easier to cast, but a little less powerful.


   Skills:
 - Level 21.0 Fighting
 - Level 18.2 Axes
 + Level 9.9 Throwing
 - Level 19.6 Armour
 - Level 9.0 Dodging
 - Level 21.0 Shields


You had 17 spell levels left.
You didn't know any spells.
Your spell library was empty.

Inventory:

Hand Weapons
 h - a +2 vampiric war axe (weapon)
Missiles
 f - a javelin (quivered)
 r - a boomerang
Armour
 g - a +2 pair of boots of rampaging (worn)
 j - the +10 plate armour "Miqauliok" (worn) {Int+2}
   (You bought it in a shop on level 1 of the Depths)

   Int:       It affects your intelligence (+2).
 n - a +2 pair of gloves (worn)
 o - a +2 cloak (worn)
 y - the +2 hat of Boredom {rF- Int+6}
   (You bought it in a shop on level 1 of the Vaults)

   Int:       It affects your intelligence (+6).
   rF:        It makes you vulnerable to fire.
 z - a +0 tower shield (worn)
Jewellery
 b - a +4 ring of slaying (right hand) {mikee}
 e - an amulet of regeneration (around neck)
 k - a +4 ring of protection (left hand)
Scrolls
 c - 2 scrolls of brand weapon
 i - 5 scrolls of teleportation
 q - 21 scrolls of identify
Potions
 a - 8 potions of mutation
 d - 7 potions of might
 m - 10 potions of curing
 t - 5 potions of heal wounds
 u - 7 potions of haste
 v - a potion of cancellation

Dungeon Overview and Level Annotations

Branches:
Dungeon (15/15)            Temple (1/1) D:4            Lair (5/5) D:10
  Swamp (4/4) Lair:3       Spider (4/4) Lair:3        Slime (0/5) Lair:4
    Orc (2/2) D:9             Elf (0/3) Orc:2        Vaults (4/5) D:14
  Crypt (0/3) Vaults:2     Depths (2/4) D:15

Altars:
Ashenzari
Cheibriados
Dithmenos
Elyvilon
Fedhas
Hepliaklqana
Kikubaaqudgha
Nemelex Xobeh
Okawaru
Ru
Sif Muna
Vehumet
Wu Jian
Yredelemnul
Zin
The Shining One
Jiyva

Shops:
D:2 :   D:4 [   D:7 *   D:15 (   Orc:2 (*:[   Vaults:1 [(:*   Depths:1 *

Portals:
Hell: Depths:1
Abyss: Depths:1
Pandemonium: Depths:1
Ziggurat: Depths:1

Annotations:
D:3 1 transporter, qw's ghost, amateur BaCK
D:8 1 runed translucent door, 4 transporters, qw's ghost, novice TrCA
D:11 2 transporters, 4 runed translucent doors, qw's ghost, journeyman TrCA
Spider:1 1 runed translucent door, Cumifues's ghost, journeyman MiMo
Spider:2 3 runed translucent doors, qw's ghost, adept MiBe
Vaults:3 2 transporters, qw's ghost, adept MiFi
Depths:2 4 transporters


Message History

The green death is severely wounded.
You are engulfed in poison gas.
You are more poisoned.
You feel extremely sick.
You slash the green death! You headbutt the green death!
You kill the green death!
You are engulfed in poison gas.
You are more poisoned.
You feel extremely sick.
You barely miss the sun demon.
You are engulfed in poison gas.
You are more poisoned.
You feel extremely sick.
The fire giant points at you and mumbles some strange words.
The bolt of fire hits you.
The bolt of fire misses the sun demon.
You block the sun demon's attack.
You closely miss the sun demon.
You are engulfed in poison gas.
You are lethally poisoned!
You feel extremely sick.
The fire giant gestures at you while chanting.
The fireball explodes!
The fireball engulfs you but does no damage.
The fireball engulfs the sun demon.
The sun demon completely resists.
You hear a croak.
40064 ||| READING 6 scrolls of teleportation.
As you read the scroll of teleportation, it crumbles to dust.
You feel strangely unstable.
You are engulfed in poison gas.
You are more poisoned.
You feel extremely sick.
You hear a roar!
40065 ||| DRINKING 6 potions of heal wounds.
You feel much better.
You are engulfed in poison gas.
You are more poisoned.
Your body deteriorates!
You feel clumsy.
You feel extremely sick. You block the sun demon's attack.
The fire giant casts a spell at you. The bolt of fire hits you!!!
You die...

.....# #######..# .....#
#.....#..#
.....####.......?#
.......##......#.#.(
.......##.......C#.#
.##....##.....##.#(#
.^#....##.....##0#3#
^......##.....##.#.#
..##...##.....##@#3# ##
.###..........##3#0#...##
...#.........###0.0......
...'.....................
####.....................
###..............##.....
#...............<. .#...
##.#..##.#...##.#..# # ..
#.##..#.##...##.#:#. .


You could see a fire giant and a sun demon.

Vanquished Creatures
  Saint Roka (Vaults:1)
  A golden dragon (shapeshifter) (D:15)
  Nikola (Spider:4)
  Arachne (Spider:4)
  Mlioglotl (Spider:3)
  Jorgrun (Spider:3)
  2 tentacled monstrosities
  A lich (Vaults:3)
  2 tengu reavers
  Donald (Vaults:1)
  A thorn hunter (Swamp:4)
  Agnes (Spider:3)
  2 fire giants (Depths:1)
  2 ghost moths (Spider:4)
  2 orc warlords
  9 emperor scorpions
  17 vault wardens
  Aizul (Vaults:1)
  9 very ugly things
  2 ghouls (Swamp:4)
  2 broodmothers
  13 ironbound preservers
  11 ironbound thunderhulks
  4 stone giants
  6 entropy weavers
  A vampire knight (Depths:1)
  Nessos (Lair:5)
  6 eleionomae
  12 dire elephants
  6 spark wasps (Depths:2)
  4 bunyips
  Snorg (Orc:1)
  A blizzard demon (Depths:1)
  4 ettins
  2 green deaths
  7 yaktaur captains
  A merfolk javelineer (Depths:1)
  A fire dragon (Depths:1)
  2 merfolk impalers (Depths:1)
  7 great orbs of eyes
  2 spriggan zombies (Depths:2)
  2 shambling mangroves
  20 vault guards
  Erolcha (D:11)
  2 radroaches
  23 hydras
  7 boulder beetles
  An ice dragon (Depths:1)
  2 jorogumos
  A spriggan air mage (Depths:1)
  4 rakshasas
  3 ghost crabs
  A peacekeeper (Vaults:2)
  3 ironbound frosthearts
  A spriggan skeleton (Abyss:3)
  2 catoblepae
  7 alligators
  5 centaur warriors
  7 two-headed ogres
  A satyr (shapeshifter) (Vaults:3)
  4 deep troll shamans
  A death scarab (Spider:3)
  2 tengu warriors
  3 hell hogs (Abyss:3)
  9 death yaks
  3 orc high priests
  Urug (Orc:2)
  3 deep troll earth magi
  10 spriggans
  A sun demon (Depths:2)
  2 iron trolls (Depths:2)
  A wretched star (Abyss:3)
  7 goliath frogs
  5 pharaoh ants
  3 skeletal warriors (D:15)
  4 steelbarb worms
  An orb spider (shapeshifter) (Vaults:4)
  3 spriggan druids
  36 deep trolls
  An iron giant skeleton (Abyss:3)
  8 orb spiders
  7 wizards
  9 bog bodies
  2 glowing orange brains
  9 swamp dragons
  Pikel (D:7)
  17 ironbound convokers
  10 lindwurms
  9 orc knights
  3 deep elf pyromancers
  An orange crystal statue (D:12)
  2 necromancers
  36 ugly things
  15 wolf spiders
  5 orc sorcerers
  A tengu skeleton (Depths:2)
  2 manticores
  A worldbinder (Abyss:3)
  17 elephants
  4 will-o-the-wisps
  3 cyclopes
  2 smoke demons (Abyss:3)
  A centaur skeleton (Abyss:3)
  2 black mambas (Lair:2)
  2 gargoyles (D:12)
  18 vault sentinels
  Joseph (D:7)
  An eye of devastation (Abyss:3)
  A dire elephant skeleton (Abyss:3)
  Maurice (D:11)
  9 cane toads
  5 torpor snails
  An unseen horror (D:12)
  An efreet (D:15)
  5 kobold demonologists
  A freezing wraith (D:15)
  5 komodo dragons
  A rime drake (Lair:4)
  24 yaktaurs
  13 demonic crawlers
  2 ice devils
  A red devil (Depths:2)
  2 ancient zymes (Abyss:3)
  3 polar bears
  12 hornets
  3 meliai (Spider:1)
  10 trolls
  14 tyrant leeches
  17 blink frogs
  A bloated husk (Swamp:2)
  19 tarantellas
  A blink frog (shapeshifter) (D:15)
  29 slime creatures
  9 dream sheep
  6 raiju
  13 culicivoras
  An ettin skeleton (Abyss:3)
  26 jumping spiders
  A shadow (D:11)
  4 small abominations (Abyss:3)
  5 water elementals (Depths:1)
  3 wraiths
  3 basilisks
  45 yaks
  7 wyverns
  59 redbacks
  3 steam dragons
  Menkaure (D:7)
  A harpy simulacrum (Abyss:3)
  4 vampire mosquitoes
  8 wargs
  A glowing shapeshifter zombie (Depths:2)
  Edmund (D:5)
  12 swamp worms
  3 acid dragons
  3 large abominations (Abyss:3)
  7 water moccasins
  An ice beast (D:7)
  9 swamp drakes
  31 orc warriors
  A boggart (shapeshifter) (Vaults:3)
  3 centaurs
  8 ogres
  18 wolves
  5 kobold brigands
  7 bullfrogs
  4 gnoll sergeants
  6 scorpions
  A necrophage (Swamp:4)
  13 wights
  6 killer bees (D:9)
  4 electric eels
  10 howler monkeys
  A quasit (Abyss:3)
  22 orc priests
  3 hounds
  3 jellies
  A gnoll bouda (D:8)
  2 iron imps
  Natasha (thrice) (D:2)
  25 orc wizards
  4 iguanas
  7 hell rats (Lair:4)
  10 adders
  20 gnolls
  A shadow imp (D:6)
  A white imp (Abyss:3)
  An ufetubus (D:5)
  2 worms
  3 dart slugs
  70 orcs
  4 endoplasms
  5 giant cockroaches
  5 goblins
  14 hobgoblins
  10 jackals
  2 quokkas
  6 ball pythons
  4 bats
  5 frilled lizards
  19 kobolds
  2 rats
  2 bushes (D:10)
  A lurking horror (Abyss:3)
1326 creatures vanquished.

Vanquished Creatures (others)
  2 very ugly things
  An eleionoma (Swamp:1)
  A crystal guardian (Vaults:2)
  An ogre mage (D:11)
  3 hydras
  A centaur warrior (Vaults:1)
  An alligator (Swamp:1)
  3 slime creatures
  A spriggan (Swamp:3)
  A goliath frog (Swamp:3)
  A deep troll (Vaults:1)
  An orb spider (Spider:4)
  An orc knight (Orc:1)
  An ironbound convoker (Vaults:4)
  A deep elf pyromancer (D:11)
  An iron dragon zombie (Depths:2)
  A wolf spider (Spider:1)
  2 elephants
  A cane toad (Lair:1)
  2 yaktaurs
  A hornet (Swamp:3)
  A tarantella (Spider:4)
  A bloated husk (Swamp:2)
  Grum (D:8)
  A wyvern (D:11)
  2 redbacks
  A swamp worm (Swamp:1)
  An orc warrior (Orc:2)
  A swamp drake (Swamp:4)
  An orc wizard (Orc:1)
  A gnoll (D:7)
  8 foxfires
  65 fungi
  68 plants
180 creatures vanquished.

Grand Total: 1506 creatures vanquished

Notes
Turn   | Place    | Note
-------+----------+-------------------------------------------
     0 | D:1      | qw the Minotaur Fighter began the quest for the Orb.
     0 | D:1      | Reached XP level 1. HP: 19/19 MP: 0/0
     0 | D:1      | 0 ||| qw: Version: 0.1-a-104-g96f76f8
     0 | D:1      | 0 ||| qw: Game counter: 5985
     0 | D:1      | 0 ||| qw: Always use a shield: true
     0 | D:1      | 0 ||| qw: God list: Ru
     0 | D:1      | 0 ||| qw: Allow faded altars: false
     0 | D:1      | 0 ||| qw: Do Orc after D:15 true
     0 | D:1      | 0 ||| qw: Do second Lair branch before Depths: true
     0 | D:1      | 0 ||| qw: Lair rune preference: random
     0 | D:1      | 0 ||| qw: Plans: Normal
     0 | D:1      | 0 ||| PLANNING D:1-11
    31 | D:1      | 31 ||| Stepping ~*~*~tactically~*~*~ (stealth).
    38 | D:1      | Reached skill level 3 in Axes
   121 | D:1      | Reached XP level 2. HP: 26/26 MP: 1/1
   150 | D:1      | 150 ||| Stepping ~*~*~tactically~*~*~ (hiding).
   203 | D:1      | 203 ||| DROPPING +0 club.
   204 | D:1      | 204 ||| Stepping ~*~*~tactically~*~*~ (stealth).
   649 | D:1      | 649 ||| UPGRADING to +4 ring of protection.
   650 | D:1      | 650 ||| READING 2 scrolls labelled FUTHRE MIHOFU.
   651 | D:1      | 651 ||| READING scroll labelled NASA GUNNA.
   651 | D:1      | Identified a scroll of acquirement
   651 | D:1      | 651 ||| ACQUIRING amulet of regeneration
   651 | D:1      | Acquired an amulet of regeneration
   653 | D:1      | 653 ||| UPGRADING to amulet of regeneration.
   658 | D:1      | 658 ||| READING scroll labelled CIP UROHIE.
   659 | D:1      | 659 ||| READING scroll labelled LEENUK EFAI.
   660 | D:1      | 660 ||| DROPPING scroll of fear.
   753 | D:2      | Reached XP level 3. HP: 31/31 MP: 2/2
  1077 | D:2      | Found a blossoming altar of Fedhas.
  1188 | D:2      | Identified the +8 mace of a Labyrinth {protect, Int+6}
  1190 | D:2      | 1190 ||| DROPPING +0 whip.
  1271 | D:2      | Reached skill level 1 in Dodging
  1276 | D:2      | Reached XP level 4. HP: 39/39 MP: 3/3
  1291 | D:2      | Found Awaoggib's Book Boutique.
  1415 | D:2      | Noticed Natasha
  1416 | D:2      | 1416 ||| Stepping ~*~*~tactically~*~*~ (hiding).
  1423 | D:2      | Killed Natasha
  1501 | D:2      | Noticed Natasha
  1503 | D:2      | Killed Natasha
  1570 | D:2      | Reached skill level 6 in Axes
  1640 | D:2      | Noticed Natasha
  1641 | D:2      | 1641 ||| Stepping ~*~*~tactically~*~*~ (hiding).
  1653 | D:2      | Killed Natasha
  1654 | D:2      | Reached XP level 5. HP: 27/45 MP: 4/4
  1671 | D:2      | Found a faded altar of an unknown god.
  1713 | D:2      | 1713 ||| READING scroll labelled WEOKHU CUEFRU.
  1789 | D:3      | 1789 ||| Stepping ~*~*~tactically~*~*~ (stealth).
  2094 | D:3      | Found a transporter.
  2098 | D:3      | Noticed qw's ghost (amateur BaCK)
  2098 | D:3      | Noticed an ogre
  2354 | D:3      | 2354 ||| DROPPING amulet of the acrobat.
  2355 | D:3      | 2355 ||| READING scroll labelled GECIBADIRI.
  2383 | D:4      | Noticed an ogre
  2387 | D:4      | 2387 ||| STAIRDANCE
  2392 | D:4      | Killed an ogre
  2393 | D:4      | Reached XP level 6. HP: 51/51 MP: 5/5
  2437 | D:4      | 2437 ||| Stepping ~*~*~tactically~*~*~ (stealth).
  2439 | D:4      | 2439 ||| Stepping ~*~*~tactically~*~*~ (stealth).
  2516 | D:4      | 2516 ||| Stepping ~*~*~tactically~*~*~ (hiding).
  2622 | D:4      | Identified the +0 ring mail "Nuymeis" {Regen+ Str+4 Int+3
                  | Dex-3}
  2637 | D:4      | 2637 ||| Stepping ~*~*~tactically~*~*~ (stealth).
  2639 | D:4      | 2639 ||| Stepping ~*~*~tactically~*~*~ (hiding).
  2657 | D:4      | 2657 ||| Stepping ~*~*~tactically~*~*~ (hiding).
  2660 | D:4      | Reached XP level 7. HP: 58/59 MP: 6/6
  2666 | D:4      | Reached skill level 9 in Axes
  2683 | D:4      | Found a staircase to the Ecumenical Temple.
  2685 | D:4      | 2685 ||| DROPPING +8 mace of a Labyrinth {protect, Int+6}.
  2689 | D:4      | 2689 ||| PLANNING TEMPLE
  2689 | D:4      | 2689 ||| UPGRADING to +0 chain mail.
  2699 | D:4      | 2699 ||| DROPPING +0 scale mail.
  2700 | D:4      | 2700 ||| DROPPING +0 ring mail "Nuymeis" {Regen+ Str+4
                  | Int+3 Dex-3}.
  2701 | D:4      | 2701 ||| DRINKING 2 bubbling green potions.
  2702 | D:4      | 2702 ||| DRINKING 2 murky silvery potions.
  2803 | D:4      | 2803 ||| DROPPING potion of ambrosia.
  2809 | Temple   | Entered the Ecumenical Temple
  2843 | Temple   | Became a worshipper of Ru the Awakened
  2882 | Temple   | 2882 ||| PLANNING D:1-11
  3092 | D:4      | 3092 ||| Stepping ~*~*~tactically~*~*~ (stealth).
  3093 | D:4      | 3093 ||| Stepping ~*~*~tactically~*~*~ (stealth).
  3127 | D:4      | Found Ifaubb's Armour Emporium.
  3134 | D:4      | 3134 ||| SHOPLISTING +0 chain mail "Boibiy" {rF- rN+ Will++
                  | Regen+} (249 gold, have 169).
  3134 | D:4      | 3134 ||| SHOPLISTING +0 storm dragon scales (880 gold, have
                  | 169).
  3134 | D:4      | 3134 ||| SHOPLISTING +1 cloak "Ydeq" {rPois rN+ Will+
                  | Dex-4} (243 gold, have 169).
  3158 | D:4      | 3158 ||| Stepping ~*~*~tactically~*~*~ (stealth).
  3339 | D:4      | 3339 ||| UPGRADING to +4 ring of slaying {mikee}.
  3340 | D:4      | 3340 ||| DROPPING +6 ring of strength.
  3341 | D:4      | 3341 ||| DRINKING 2 smoky emerald potions.
  3341 | D:4      | Gained mutation: You have large cloven feet. [potion of
                  | mutation]
  3341 | D:4      | Gained mutation: Your spells are a little easier to cast,
                  | but a little less powerful. [potion of mutation]
  3342 | D:4      | 3342 ||| READING 4 scrolls of identify.
  3342 | D:4      | 3342 ||| IDENTIFYING puce potion
  3343 | D:4      | 3343 ||| READING 3 scrolls of identify.
  3343 | D:4      | 3343 ||| IDENTIFYING blue potion
  3344 | D:4      | 3344 ||| READING 2 scrolls of identify.
  3344 | D:4      | 3344 ||| IDENTIFYING brown potion
  3345 | D:4      | 3345 ||| DROPPING potion of brilliance.
  3369 | D:5      | Entered Level 5 of the Dungeon
  3469 | D:5      | Noticed Edmund
  3483 | D:5      | Killed Edmund
  3527 | D:5      | 3527 ||| Stepping ~*~*~tactically~*~*~ (hiding).
  3652 | D:5      | 3652 ||| Stepping ~*~*~tactically~*~*~ (stealth).
  3660 | D:5      | Reached skill level 6 in Fighting
  3666 | D:5      | Found a snail-covered altar of Cheibriados.
  3692 | D:5      | Reached XP level 8. HP: 70/70 MP: 7/7
  3984 | D:5      | 3984 ||| Stepping ~*~*~tactically~*~*~ (stealth).
  4003 | D:5      | 4003 ||| INVOKING Sacrifice Artifice.
  4003 | D:5      | Gained mutation: You cannot study or use magical devices.
                  | [Ru sacrifice]
  4003 | D:5      | Reached * piety under Ru
  4003 | D:5      | Reached ** piety under Ru
  4181 | D:5      | 4181 ||| READING 2 scrolls labelled PESHAI QAFFYXI.
  4282 | D:5      | 4282 ||| READING 2 scrolls labelled AMEUNI YSSEST.
  4283 | D:5      | 4283 ||| DROPPING scroll of silence.
  4284 | D:5      | 4284 ||| DROPPING scroll of butterflies.
  4301 | D:6      | 4301 ||| PLANNING OSSUARY
  4373 | D:6      | Found an ancient bone altar of Kikubaaqudgha.
  4905 | D:6      | 4905 ||| RIP OSSUARY
  4943 | D:6      | 4943 ||| PLANNING D:1-11
  4943 | D:6      | 4943 ||| Stepping ~*~*~tactically~*~*~ (hiding).
  4944 | D:6      | 4944 ||| Stepping ~*~*~tactically~*~*~ (hiding).
  5172 | D:6      | 5172 ||| Stepping ~*~*~tactically~*~*~ (stealth).
  5307 | D:7      | Found Ykkuddyre's General Store.
  5317 | D:7      | 5317 ||| BUYING potion of mutation (128 gold).
  5317 | D:7      | Bought a potion of mutation for 128 gold pieces
  5332 | D:7      | Noticed Joseph
  5334 | D:7      | 5334 ||| FLEEEEING.
  5335 | D:7      | 5335 ||| FLEEEEING.
  5336 | D:7      | 5336 ||| FLEEEEING.
  5337 | D:7      | 5337 ||| FLEEEEING.
  5338 | D:7      | 5338 ||| FLEEEEING.
  5348 | D:7      | Killed Joseph
  5503 | D:7      | Noticed Pikel
  5504 | D:7      | 5504 ||| Stepping ~*~*~tactically~*~*~ (hiding).
  5515 | D:7      | Killed Pikel
  5516 | D:7      | Reached skill level 12 in Axes
  5516 | D:7      | Reached XP level 9. HP: 52/75 MP: 8/8
  5539 | D:7      | 5539 ||| Stepping ~*~*~tactically~*~*~ (hiding).
  5694 | D:7      | 5694 ||| Stepping ~*~*~tactically~*~*~ (stealth).
  5696 | D:7      | 5696 ||| Stepping ~*~*~tactically~*~*~ (hiding).
  5724 | D:7      | 5724 ||| Stepping ~*~*~tactically~*~*~ (hiding).
  5726 | D:7      | 5726 ||| Stepping ~*~*~tactically~*~*~ (hiding).
  5737 | D:7      | 5737 ||| Stepping ~*~*~tactically~*~*~ (hiding).
  5738 | D:7      | 5738 ||| Stepping ~*~*~tactically~*~*~ (hiding).
  5800 | D:7      | Noticed Menkaure
  5801 | D:7      | 5801 ||| Stepping ~*~*~tactically~*~*~ (hiding).
  5804 | D:7      | 5804 ||| Stepping ~*~*~tactically~*~*~ (hiding).
  5811 | D:7      | Killed Menkaure
  6202 | D:7      | 6202 ||| DROPPING ring of see invisible.
  6203 | D:7      | 6203 ||| READING 3 scrolls labelled ZANAEVAWKE.
  6204 | D:7      | 6204 ||| READING scroll labelled MELOLI VISI.
  6205 | D:7      | 6205 ||| READING 2 scrolls of identify.
  6205 | D:7      | 6205 ||| IDENTIFYING white potion
  6206 | D:7      | 6206 ||| DROPPING potion of flight.
  6207 | D:7      | 6207 ||| DROPPING 2 scrolls of vulnerability.
  6218 | D:8      | Found a runed translucent door.
  6224 | D:8      | 6224 ||| SWAPPING to +0 vampiric war axe.
  6225 | D:8      | 6225 ||| DROPPING +0 war axe.
  6308 | D:8      | 6308 ||| Stepping ~*~*~tactically~*~*~ (stealth).
  6339 | D:8      | 6339 ||| FLEEEEING.
  6340 | D:8      | 6340 ||| FLEEEEING.
  6341 | D:8      | 6341 ||| FLEEEEING.
  6355 | D:8      | Noticed Grum
  6369 | D:8      | HP: 17/81 [wolf[Grum] (8)]
  6370 | D:8      | 6370 ||| READING 2 scrolls of teleportation.
  6371 | D:8      | 6371 ||| DRINKING 2 potions of heal wounds.
  6372 | D:8      | 6372 ||| DRINKING potion of heal wounds.
  6372 | D:8      | Killed Grum
  6373 | D:8      | HP: 7/81 [acid (5)]
  6373 | D:8      | HP: 2/81 [gnoll/+0 spear[a gnoll bouda] (5)]
  6378 | D:8      | HP: 5/81 [poisoned by Grum]
  6482 | D:8      | Noticed qw's ghost (novice TrCA)
  6488 | D:8      | 6488 ||| Stepping ~*~*~tactically~*~*~ (hiding).
  6498 | D:8      | Reached XP level 10. HP: 82/88 MP: 9/9
  6528 | D:8      | 6528 ||| INVOKING Sacrifice Experience.
  6528 | D:8      | Gained mutation: You are somewhat inexperienced. (-1 XL)
                  | [Ru sacrifice]
  6528 | D:8      | Reached XP level 9. HP: 81/81 MP: 8/8
  6528 | D:8      | Reached *** piety under Ru
  6528 | D:8      | Reached **** piety under Ru
  6606 | D:8      | 6606 ||| Stepping ~*~*~tactically~*~*~ (hiding).
  6607 | D:8      | 6607 ||| Stepping ~*~*~tactically~*~*~ (hiding).
  6608 | D:8      | 6608 ||| Stepping ~*~*~tactically~*~*~ (hiding).
  6829 | D:8      | Found a transporter.
  6843 | D:8      | Found a transporter.
  6845 | D:8      | Found a transporter.
  6845 | D:8      | Found a transporter.
  7068 | D:8      | 7068 ||| DROPPING ring of positive energy.
  7069 | D:8      | 7069 ||| READING scroll labelled DEOSMA XUOLOLU.
  7070 | D:8      | 7070 ||| DRINKING 2 golden potions.
  7071 | D:8      | 7071 ||| READING 2 scrolls of identify.
  7071 | D:8      | 7071 ||| IDENTIFYING amethyst potion
  7072 | D:8      | 7072 ||| DROPPING potion of attraction.
  7092 | D:9      | 7092 ||| STAIRDANCE
  7129 | D:9      | 7129 ||| STAIRDANCE
  7201 | D:9      | 7201 ||| STAIRDANCE
  7235 | D:8      | 7235 ||| UPGRADING to +3 plate armour.
  7245 | D:8      | 7245 ||| DROPPING +0 chain mail.
  7264 | D:9      | 7264 ||| STAIRDANCE
  7307 | D:9      | Reached skill level 6 in Armour
  7308 | D:9      | 7308 ||| STAIRDANCE
  7363 | D:9      | 7363 ||| Stepping ~*~*~tactically~*~*~ (stealth).
  7364 | D:9      | 7364 ||| Stepping ~*~*~tactically~*~*~ (stealth).
  7369 | D:9      | Found a staircase to the Orcish Mines.
  7370 | D:9      | 7370 ||| Stepping ~*~*~tactically~*~*~ (stealth).
  7397 | D:9      | Reached skill level 15 in Axes
  7466 | D:9      | 7466 ||| Stepping ~*~*~tactically~*~*~ (stealth).
  7477 | D:9      | Noticed a boulder beetle
  7482 | D:9      | 7482 ||| Stepping ~*~*~tactically~*~*~ (stealth).
  7485 | D:9      | 7485 ||| FLEEEEING.
  7486 | D:9      | 7486 ||| FLEEEEING.
  7494 | D:9      | Reached skill level 9 in Fighting
  7511 | D:9      | 7511 ||| Stepping ~*~*~tactically~*~*~ (stealth).
  7545 | D:9      | Killed a boulder beetle
  7546 | D:9      | Reached XP level 10. HP: 63/91 MP: 9/9
  7620 | D:9      | Reached skill level 6 in Shields
  7688 | D:9      | Found a broken altar of Ashenzari.
  7768 | D:9      | 7768 ||| Stepping ~*~*~tactically~*~*~ (stealth).
  7769 | D:9      | 7769 ||| Stepping ~*~*~tactically~*~*~ (stealth).
  7771 | D:9      | 7771 ||| Stepping ~*~*~tactically~*~*~ (hiding).
  7772 | D:9      | 7772 ||| Stepping ~*~*~tactically~*~*~ (hiding).
  8041 | D:9      | Found a hazy altar of Hepliaklqana.
  8042 | D:9      | Found a white marble altar of Elyvilon.
  8046 | D:9      | Found a radiant altar of Vehumet.
  8248 | D:9      | 8248 ||| UPGRADING to +0 cloak.
  8253 | D:9      | 8253 ||| READING 2 scrolls of identify.
  8253 | D:9      | 8253 ||| IDENTIFYING clear potion
  8254 | D:9      | 8254 ||| DROPPING potion of lignification.
  8265 | D:10     | Entered Level 10 of the Dungeon
  8265 | D:10     | Found a staircase to the Lair.
  8326 | D:10     | 8326 ||| INVOKING Sacrifice Experience.
  8326 | D:10     | Gained mutation: You are inexperienced. (-2 XL) [Ru
                  | sacrifice]
  8326 | D:10     | Reached XP level 9. HP: 85/85 MP: 8/8
  8326 | D:10     | Reached ***** piety under Ru
  8380 | D:10     | 8380 ||| Stepping ~*~*~tactically~*~*~ (stealth).
  8438 | D:10     | 8438 ||| Stepping ~*~*~tactically~*~*~ (stealth).
  8466 | D:10     | 8466 ||| Stepping ~*~*~tactically~*~*~ (stealth).
  8608 | D:10     | 8608 ||| Stepping ~*~*~tactically~*~*~ (stealth).
  8609 | D:10     | Noticed a two-headed ogre
  8610 | D:10     | 8610 ||| Stepping ~*~*~tactically~*~*~ (stealth).
  8612 | D:10     | 8612 ||| INVOKING Apocalypse.
  8613 | D:10     | Reached skill level 9 in Armour
  8613 | D:10     | 8613 ||| FLEEEEING.
  8615 | D:10     | 8615 ||| FLEEEEING.
  8616 | D:10     | 8616 ||| FLEEEEING.
  8618 | D:10     | 8618 ||| FLEEEEING.
  8619 | D:10     | 8619 ||| FLEEEEING.
  8620 | D:10     | 8620 ||| FLEEEEING.
  8621 | D:10     | 8621 ||| FLEEEEING.
  8622 | D:10     | 8622 ||| FLEEEEING.
  8623 | D:10     | 8623 ||| FLEEEEING.
  8624 | D:10     | 8624 ||| STAIRDANCE
  8685 | D:9      | 8685 ||| UPGRADING to +2 kite shield of protection.
  8695 | D:9      | 8695 ||| DROPPING +0 buckler.
  8696 | D:9      | 8696 ||| DROPPING +4 ring of evasion.
  8697 | D:9      | 8697 ||| READING scroll labelled ZYUNEOSOOGG.
  8698 | D:9      | 8698 ||| READING 3 scrolls labelled ILOZUM JAEKKIO.
  8699 | D:9      | 8699 ||| READING scroll labelled ISIAPI KE VUO.
  8700 | D:9      | 8700 ||| READING 2 scrolls of identify.
  8700 | D:9      | 8700 ||| IDENTIFYING murky dark potion
  8701 | D:9      | 8701 ||| DROPPING potion of degeneration.
  8702 | D:9      | 8702 ||| DROPPING 2 scrolls of poison.
  8707 | D:10     | 8707 ||| STAIRDANCE
  8721 | D:10     | 8721 ||| STAIRDANCE
  8748 | D:10     | 8748 ||| INVOKING Apocalypse.
  8748 | D:10     | Killed a two-headed ogre
  8892 | D:10     | 8892 ||| PLANNING LAIR
  8892 | D:10     | 8892 ||| READING 2 scrolls of identify.
  8892 | D:10     | 8892 ||| IDENTIFYING pink potion
  8893 | D:10     | 8893 ||| DROPPING potion of magic.
  8935 | Lair:1   | Entered Level 1 of the Lair of Beasts
  8935 | Lair:1   | Noticed a five-headed hydra
  8936 | Lair:1   | 8936 ||| INVOKING Apocalypse.
  8949 | Lair:1   | 8949 ||| SWAPPING to +0 morningstar.
  8950 | Lair:1   | 8950 ||| Stepping ~*~*~tactically~*~*~ (outnumbered).
  8951 | Lair:1   | 8951 ||| Stepping ~*~*~tactically~*~*~ (outnumbered).
  8954 | Lair:1   | 8954 ||| Stepping ~*~*~tactically~*~*~ (outnumbered).
  8955 | Lair:1   | 8955 ||| Stepping ~*~*~tactically~*~*~ (outnumbered).
  8956 | Lair:1   | 8956 ||| Stepping ~*~*~tactically~*~*~ (outnumbered).
  8957 | Lair:1   | 8957 ||| Stepping ~*~*~tactically~*~*~ (outnumbered).
  8958 | Lair:1   | 8958 ||| Stepping ~*~*~tactically~*~*~ (outnumbered).
  8959 | Lair:1   | 8959 ||| Stepping ~*~*~tactically~*~*~ (outnumbered).
  8960 | Lair:1   | 8960 ||| Stepping ~*~*~tactically~*~*~ (outnumbered).
  8962 | Lair:1   | Killed a five-headed hydra
  8963 | Lair:1   | 8963 ||| SWAPPING to +0 vampiric war axe.
  9060 | Lair:1   | Noticed a catoblepas
  9061 | Lair:1   | 9061 ||| Stepping ~*~*~tactically~*~*~ (cloud).
  9069 | Lair:1   | Killed a catoblepas
  9070 | Lair:1   | Reached skill level 9 in Shields
  9070 | Lair:1   | Reached XP level 10. HP: 83/88 MP: 9/9
  9081 | Lair:1   | 9081 ||| Stepping ~*~*~tactically~*~*~ (stealth).
  9086 | Lair:1   | Noticed a four-headed hydra
  9087 | Lair:1   | 9087 ||| INVOKING Apocalypse.
  9090 | Lair:1   | Killed a four-headed hydra
  9179 | Lair:1   | 9179 ||| Stepping ~*~*~tactically~*~*~ (stealth).
  9355 | Lair:1   | 9355 ||| Stepping ~*~*~tactically~*~*~ (stealth).
  9356 | Lair:1   | 9356 ||| Stepping ~*~*~tactically~*~*~ (stealth).
  9363 | Lair:1   | 9363 ||| Stepping ~*~*~tactically~*~*~ (stealth).
  9365 | Lair:1   | 9365 ||| Stepping ~*~*~tactically~*~*~ (stealth).
  9380 | Lair:1   | 9380 ||| INVOKING Apocalypse.
  9889 | Lair:1   | 9889 ||| UPGRADING to +0 pair of gloves.
  9894 | Lair:1   | 9894 ||| DRINKING 2 emerald potions.
 10005 | Lair:2   | Noticed a death yak
 10006 | Lair:2   | 10006 ||| INVOKING Apocalypse.
 10006 | Lair:2   | Noticed a death yak
 10006 | Lair:2   | Noticed a death yak
 10006 | Lair:2   | Noticed a death yak
 10007 | Lair:2   | 10007 ||| FLEEEEING.
 10009 | Lair:2   | 10009 ||| STAIRDANCE
 10078 | Lair:1   | 10078 ||| DROPPING ring of willpower.
 10086 | Lair:2   | Noticed a death yak
 10088 | Lair:2   | Killed a death yak
 10089 | Lair:2   | 10089 ||| FLEEEEING.
 10090 | Lair:2   | 10090 ||| STAIRDANCE
 10125 | Lair:2   | 10125 ||| STAIRDANCE
 10135 | Lair:1   | Killed a death yak
 10136 | Lair:1   | 10136 ||| INVOKING Apocalypse.
 10137 | Lair:1   | Killed a death yak
 10215 | Lair:2   | Killed a death yak
 10216 | Lair:2   | 10216 ||| STAIRDANCE
 10232 | Lair:2   | 10232 ||| INVOKING Apocalypse.
 10233 | Lair:2   | 10233 ||| STAIRDANCE
 10310 | Lair:2   | Killed a death yak
 10311 | Lair:2   | 10311 ||| STAIRDANCE
 10342 | Lair:2   | 10342 ||| Stepping ~*~*~tactically~*~*~ (stealth).
 10359 | Lair:2   | Reached skill level 12 in Shields
 10998 | Lair:2   | 10998 ||| UPGRADING to +2 pair of gloves.
 11008 | Lair:2   | 11008 ||| DROPPING +0 pair of gloves.
 11009 | Lair:2   | 11009 ||| READING scroll labelled WUAGEI IWERODGH.
 11072 | Lair:3   | 11072 ||| INVOKING Sacrifice Skill.
 11072 | Lair:3   | Gained mutation: You are somewhat unskilled. (-1 Apt) [Ru
                  | sacrifice]
 11072 | Lair:3   | Reduced skill Axes to level 15
 11072 | Lair:3   | Reduced skill Armour to level 9
 11072 | Lair:3   | Reached ****** piety under Ru
 11090 | Lair:3   | 11090 ||| INVOKING Apocalypse.
 11134 | Lair:3   | 11134 ||| Stepping ~*~*~tactically~*~*~ (stealth).
 11286 | Lair:3   | 11286 ||| Stepping ~*~*~tactically~*~*~ (stealth).
 11287 | Lair:3   | 11287 ||| Stepping ~*~*~tactically~*~*~ (stealth).
 11465 | Lair:3   | Noticed a boulder beetle
 11466 | Lair:3   | 11466 ||| INVOKING Apocalypse.
 11469 | Lair:3   | Found a hole to the Spider Nest.
 11474 | Lair:3   | Killed a boulder beetle
 11544 | Lair:3   | 11544 ||| Stepping ~*~*~tactically~*~*~ (stealth).
 11545 | Lair:3   | 11545 ||| Stepping ~*~*~tactically~*~*~ (stealth).
 11672 | Lair:3   | 11672 ||| READING scroll of enchant armour.
 11672 | Lair:3   | 11672 ||| ENCHANTING +0 cloak.
 11675 | Lair:3   | 11675 ||| Stepping ~*~*~tactically~*~*~ (stealth).
 11676 | Lair:3   | 11676 ||| Stepping ~*~*~tactically~*~*~ (stealth).
 11677 | Lair:3   | 11677 ||| Stepping ~*~*~tactically~*~*~ (stealth).
 11678 | Lair:3   | 11678 ||| Stepping ~*~*~tactically~*~*~ (stealth).
 11689 | Lair:3   | 11689 ||| Stepping ~*~*~tactically~*~*~ (stealth).
 11691 | Lair:3   | 11691 ||| Stepping ~*~*~tactically~*~*~ (stealth).
 11719 | Lair:3   | Found a staircase to the Swamp.
 11920 | Lair:4   | 11920 ||| Stepping ~*~*~tactically~*~*~ (stealth).
 11925 | Lair:4   | 11925 ||| Stepping ~*~*~tactically~*~*~ (stealth).
 11926 | Lair:4   | 11926 ||| Stepping ~*~*~tactically~*~*~ (stealth).
 11945 | Lair:4   | 11945 ||| Stepping ~*~*~tactically~*~*~ (stealth).
 11949 | Lair:4   | 11949 ||| Stepping ~*~*~tactically~*~*~ (stealth).
 11950 | Lair:4   | 11950 ||| Stepping ~*~*~tactically~*~*~ (stealth).
 11956 | Lair:4   | 11956 ||| Stepping ~*~*~tactically~*~*~ (stealth).
 11961 | Lair:4   | 11961 ||| Stepping ~*~*~tactically~*~*~ (stealth).
 11966 | Lair:4   | 11966 ||| Stepping ~*~*~tactically~*~*~ (stealth).
 11975 | Lair:4   | Reached XP level 11. HP: 96/96 MP: 10/10
 12034 | Lair:4   | 12034 ||| INVOKING Apocalypse.
 12041 | Lair:4   | 12041 ||| DRINKING 2 potions of cancellation.
 12042 | Lair:4   | 12042 ||| DRINKING potion of cancellation.
 12495 | Lair:4   | 12495 ||| READING scroll of enchant armour.
 12495 | Lair:4   | 12495 ||| ENCHANTING +1 cloak.
 12570 | Lair:4   | Found a dark tunnel.
 12642 | Lair:4   | Found a viscous altar of Jiyva.
 12643 | Lair:4   | Found a staircase to the Slime Pits.
 12845 | Lair:4   | 12845 ||| DROPPING scarf of repulsion.
 12861 | Lair:5   | Entered Level 5 of the Lair of Beasts
 12861 | Lair:5   | Noticed Nessos
 12862 | Lair:5   | 12862 ||| INVOKING Apocalypse.
 12863 | Lair:5   | 12863 ||| STAIRDANCE
 12931 | Lair:5   | 12931 ||| Stepping ~*~*~tactically~*~*~ (hiding).
 12936 | Lair:5   | Killed Nessos
 12938 | Lair:5   | 12938 ||| INVOKING Apocalypse.
 12939 | Lair:5   | 12939 ||| FLEEEEING.
 12940 | Lair:5   | 12940 ||| FLEEEEING.
 12941 | Lair:5   | 12941 ||| STAIRDANCE
 13016 | Lair:5   | 13016 ||| STAIRDANCE
 13044 | Lair:5   | 13044 ||| STAIRDANCE
 13088 | Lair:5   | 13088 ||| Stepping ~*~*~tactically~*~*~ (stealth).
 13089 | Lair:5   | 13089 ||| Stepping ~*~*~tactically~*~*~ (stealth).
 13091 | Lair:5   | 13091 ||| Stepping ~*~*~tactically~*~*~ (stealth).
 13106 | Lair:5   | Reached skill level 12 in Shields
 13116 | Lair:5   | 13116 ||| Stepping ~*~*~tactically~*~*~ (stealth).
 13121 | Lair:5   | 13121 ||| SWAPPING to +0 morningstar.
 13125 | Lair:5   | 13125 ||| SWAPPING to +0 vampiric war axe.
 13228 | Lair:5   | 13228 ||| INVOKING Apocalypse.
 13340 | Lair:5   | 13340 ||| Stepping ~*~*~tactically~*~*~ (stealth).
 13342 | Lair:5   | 13342 ||| Stepping ~*~*~tactically~*~*~ (stealth).
 13347 | Lair:5   | 13347 ||| Stepping ~*~*~tactically~*~*~ (stealth).
 13350 | Lair:5   | 13350 ||| Stepping ~*~*~tactically~*~*~ (stealth).
 13355 | Lair:5   | Reached skill level 12 in Fighting
 13355 | Lair:5   | 13355 ||| INVOKING Apocalypse.
 13358 | Lair:5   | 13358 ||| Stepping ~*~*~tactically~*~*~ (stealth).
 13359 | Lair:5   | 13359 ||| FLEEEEING.
 13360 | Lair:5   | 13360 ||| FLEEEEING.
 13361 | Lair:5   | 13361 ||| FLEEEEING.
 13362 | Lair:5   | 13362 ||| FLEEEEING.
 13363 | Lair:5   | 13363 ||| FLEEEEING.
 13364 | Lair:5   | 13364 ||| FLEEEEING.
 13377 | Lair:5   | 13377 ||| FLEEEEING.
 13384 | Lair:5   | 13384 ||| FLEEEEING.
 13385 | Lair:5   | 13385 ||| FLEEEEING.
 13386 | Lair:5   | 13386 ||| FLEEEEING.
 13387 | Lair:5   | 13387 ||| FLEEEEING.
 13388 | Lair:5   | 13388 ||| STAIRDANCE
 13422 | Lair:4   | 13422 ||| DROPPING ring of ice.
 13425 | Lair:5   | 13425 ||| STAIRDANCE
 13589 | Lair:5   | 13589 ||| Stepping ~*~*~tactically~*~*~ (stealth).
 13593 | Lair:5   | 13593 ||| Stepping ~*~*~tactically~*~*~ (stealth).
 13603 | Lair:5   | 13603 ||| Stepping ~*~*~tactically~*~*~ (stealth).
 13629 | Lair:5   | 13629 ||| INVOKING Apocalypse.
 13644 | Lair:5   | 13644 ||| FLEEEEING.
 13645 | Lair:5   | 13645 ||| FLEEEEING.
 13650 | Lair:5   | 13650 ||| FLEEEEING.
 13651 | Lair:5   | 13651 ||| FLEEEEING.
 13652 | Lair:5   | 13652 ||| FLEEEEING.
 13653 | Lair:5   | 13653 ||| FLEEEEING.
 13654 | Lair:5   | 13654 ||| FLEEEEING.
 13655 | Lair:5   | 13655 ||| FLEEEEING.
 13656 | Lair:5   | 13656 ||| FLEEEEING.
 13657 | Lair:5   | 13657 ||| FLEEEEING.
 13658 | Lair:5   | 13658 ||| FLEEEEING.
 13659 | Lair:5   | 13659 ||| FLEEEEING.
 13660 | Lair:5   | 13660 ||| FLEEEEING.
 13661 | Lair:5   | 13661 ||| FLEEEEING.
 14057 | Lair:5   | 14057 ||| PLANNING D:1-11
 14288 | D:11     | 14288 ||| READING scroll of acquirement.
 14288 | D:11     | 14288 ||| ACQUIRING ring of Afromut {*Slow rPois Str+4
                  | Int+6}
 14288 | D:11     | Acquired the ring of Afromut {*Slow rPois Str+4 Int+6}
 14290 | D:11     | 14290 ||| UPGRADING to ring of Afromut {*Slow rPois Str+4
                  | Int+6}.
 14312 | D:11     | Noticed Maurice
 14312 | D:11     | Noticed qw's ghost (journeyman TrCA)
 14333 | D:11     | 14333 ||| FLEEEEING.
 14338 | D:11     | Killed Maurice
 14403 | D:11     | 14403 ||| INVOKING Apocalypse.
 14404 | D:11     | 14404 ||| FLEEEEING.
 14415 | D:11     | 14415 ||| FLEEEEING.
 14421 | D:11     | 14421 ||| STAIRDANCE
 14469 | D:10     | 14469 ||| UPGRADING to +0 pair of boots.
 14509 | D:11     | Found a transporter.
 14515 | D:11     | Found a transporter.
 14662 | D:11     | Noticed Erolcha
 14663 | D:11     | 14663 ||| Stepping ~*~*~tactically~*~*~ (hiding).
 14674 | D:11     | Killed Erolcha
 14675 | D:11     | Reached XP level 12. HP: 101/103 MP: 11/11
 14814 | D:11     | Found a large runed translucent door.
 14815 | D:11     | Found a large runed translucent door.
 14819 | D:11     | Found a large runed translucent door.
 14819 | D:11     | Found a large runed translucent door.
 14830 | D:11     | Paralysed by an ogre mage for 5 turns
 14988 | D:11     | 14988 ||| Stepping ~*~*~tactically~*~*~ (stealth).
 15196 | D:11     | 15196 ||| READING scroll labelled LELAYTW OLYBUO.
 15197 | D:11     | 15197 ||| PLANNING D
 15231 | D:12     | Reached skill level 12 in Armour
 15255 | D:12     | 15255 ||| Stepping ~*~*~tactically~*~*~ (hiding).
 15314 | D:12     | 15314 ||| INVOKING Apocalypse.
 15315 | D:12     | 15315 ||| STAIRDANCE
 15535 | D:12     | 15535 ||| DRINKING 12 potions of curing.
 15535 | D:12     | 15535 ||| (to cure confusion)
 15569 | D:12     | 15569 ||| SWAPPING to +0 morningstar.
 15570 | D:12     | 15570 ||| DRINKING 11 potions of curing.
 15570 | D:12     | 15570 ||| (to cure confusion)
 15580 | D:12     | 15580 ||| SWAPPING to +0 vampiric war axe.
 15593 | D:12     | 15593 ||| SWAPPING to +0 morningstar.
 15600 | D:12     | 15600 ||| SWAPPING to +0 vampiric war axe.
 15605 | D:12     | 15605 ||| DRINKING 10 potions of curing.
 15605 | D:12     | 15605 ||| (to cure confusion)
 15612 | D:12     | 15612 ||| SWAPPING to +0 morningstar.
 15614 | D:12     | 15614 ||| Stepping ~*~*~tactically~*~*~ (outnumbered).
 15620 | D:12     | 15620 ||| SWAPPING to +0 vampiric war axe.
 15642 | D:12     | 15642 ||| DRINKING 9 potions of curing.
 15642 | D:12     | 15642 ||| (to cure confusion)
 15778 | D:12     | 15778 ||| DROPPING +0 morningstar.
 16007 | D:12     | 16007 ||| DROPPING ring of magical power.
 16083 | D:13     | Reached skill level 3 in Throwing
 16119 | D:13     | 16119 ||| Stepping ~*~*~tactically~*~*~ (stealth).
 16740 | D:14     | Found a gate to the Vaults.
 16759 | D:14     | 16759 ||| INVOKING Apocalypse.
 17146 | D:14     | 17146 ||| INVOKING Apocalypse.
 17237 | D:14     | 17237 ||| Stepping ~*~*~tactically~*~*~ (hiding).
 17240 | D:14     | 17240 ||| SWAPPING to +0 eveningstar.
 17245 | D:14     | 17245 ||| SWAPPING to +0 vampiric war axe.
 17466 | D:14     | 17466 ||| Stepping ~*~*~tactically~*~*~ (hiding).
 17701 | D:14     | 17701 ||| DROPPING ring of flight.
 17706 | D:15     | Entered Level 15 of the Dungeon
 17710 | D:15     | 17710 ||| Stepping ~*~*~tactically~*~*~ (stealth).
 17721 | D:15     | 17721 ||| Stepping ~*~*~tactically~*~*~ (hiding).
 17790 | D:15     | 17790 ||| INVOKING Apocalypse.
 17791 | D:15     | 17791 ||| FLEEEEING.
 17792 | D:15     | 17792 ||| FLEEEEING.
 17835 | D:15     | 17835 ||| Stepping ~*~*~tactically~*~*~ (stealth).
 17882 | D:15     | 17882 ||| Stepping ~*~*~tactically~*~*~ (stealth).
 17885 | D:15     | 17885 ||| SWAPPING to +0 eveningstar.
 17890 | D:15     | 17890 ||| SWAPPING to +0 vampiric war axe.
 17938 | D:15     | 17938 ||| Stepping ~*~*~tactically~*~*~ (stealth).
 17940 | D:15     | 17940 ||| FLEEEEING.
 17941 | D:15     | 17941 ||| FLEEEEING.
 17955 | D:15     | 17955 ||| Stepping ~*~*~tactically~*~*~ (hiding).
 18000 | D:15     | Found Kelal's Weapon Emporium.
 18008 | D:15     | 18008 ||| Stepping ~*~*~tactically~*~*~ (stealth).
 18009 | D:15     | 18009 ||| Stepping ~*~*~tactically~*~*~ (stealth).
 18011 | D:15     | 18011 ||| SWAPPING to +0 eveningstar.
 18018 | D:15     | 18018 ||| SWAPPING to +0 vampiric war axe.
 18031 | D:15     | 18031 ||| Stepping ~*~*~tactically~*~*~ (stealth).
 18101 | D:15     | 18101 ||| Stepping ~*~*~tactically~*~*~ (stealth).
 18102 | D:15     | 18102 ||| Stepping ~*~*~tactically~*~*~ (stealth).
 18104 | D:15     | 18104 ||| INVOKING Apocalypse.
 18106 | D:15     | 18106 ||| Stepping ~*~*~tactically~*~*~ (hiding).
 18108 | D:15     | 18108 ||| Stepping ~*~*~tactically~*~*~ (hiding).
 18109 | D:15     | 18109 ||| FLEEEEING.
 18123 | D:15     | Reached skill level 6 in Dodging
 18362 | D:15     | 18362 ||| Stepping ~*~*~tactically~*~*~ (stealth).
 18366 | D:15     | 18366 ||| Stepping ~*~*~tactically~*~*~ (stealth).
 18367 | D:15     | 18367 ||| Stepping ~*~*~tactically~*~*~ (stealth).
 18368 | D:15     | 18368 ||| Stepping ~*~*~tactically~*~*~ (stealth).
 18370 | D:15     | 18370 ||| Stepping ~*~*~tactically~*~*~ (stealth).
 18389 | D:15     | Reached XP level 13. HP: 115/116 MP: 12/12
 18449 | D:15     | 18449 ||| Stepping ~*~*~tactically~*~*~ (stealth).
 18457 | D:15     | Noticed a quicksilver dragon
 18457 | D:15     | a dire elephant changed into a quicksilver dragon
 18459 | D:15     | a quicksilver dragon changed into an iron troll
 18473 | D:15     | Noticed a fenstrider witch
 18473 | D:15     | an iron troll changed into a fenstrider witch
 18478 | D:15     | Noticed a shadow dragon
 18478 | D:15     | a fenstrider witch changed into a shadow dragon
 18483 | D:15     | Noticed an iron dragon
 18483 | D:15     | a shadow dragon changed into an iron dragon
 18484 | D:15     | Noticed a caustic shrike
 18484 | D:15     | an iron dragon changed into a caustic shrike
 18491 | D:15     | Noticed a golden dragon
 18491 | D:15     | a caustic shrike changed into a golden dragon
 18498 | D:15     | Killed a golden dragon
 18516 | D:15     | 18516 ||| Stepping ~*~*~tactically~*~*~ (stealth).
 18517 | D:15     | 18517 ||| INVOKING Apocalypse.
 18585 | D:15     | 18585 ||| Stepping ~*~*~tactically~*~*~ (hiding).
 18602 | D:15     | 18602 ||| READING 4 scrolls of teleportation.
 18653 | D:15     | 18653 ||| Stepping ~*~*~tactically~*~*~ (stealth).
 18655 | D:15     | 18655 ||| Stepping ~*~*~tactically~*~*~ (stealth).
 18701 | D:15     | Found a staircase to the Depths.
 18708 | D:15     | 18708 ||| PLANNING ORC
 18830 | Orc:1    | Entered Level 1 of the Orcish Mines
 18830 | Orc:1    | Noticed Snorg
 18851 | Orc:1    | Killed Snorg
 18852 | Orc:1    | Reached skill level 15 in Fighting
 18962 | Orc:1    | Paralysed by an orc sorcerer for 5 turns
 19050 | Orc:1    | 19050 ||| Stepping ~*~*~tactically~*~*~ (hiding).
 19051 | Orc:1    | 19051 ||| Stepping ~*~*~tactically~*~*~ (hiding).
 19146 | Orc:1    | 19146 ||| Stepping ~*~*~tactically~*~*~ (stealth).
 19163 | Orc:1    | 19163 ||| DRINKING 8 potions of curing.
 19163 | Orc:1    | 19163 ||| (to cure confusion)
 19225 | Orc:1    | 19225 ||| Stepping ~*~*~tactically~*~*~ (hiding).
 19227 | Orc:1    | 19227 ||| Stepping ~*~*~tactically~*~*~ (hiding).
 19234 | Orc:1    | 19234 ||| Stepping ~*~*~tactically~*~*~ (stealth).
 19236 | Orc:1    | 19236 ||| Stepping ~*~*~tactically~*~*~ (stealth).
 19237 | Orc:1    | 19237 ||| Stepping ~*~*~tactically~*~*~ (stealth).
 19238 | Orc:1    | 19238 ||| Stepping ~*~*~tactically~*~*~ (stealth).
 19239 | Orc:1    | 19239 ||| Stepping ~*~*~tactically~*~*~ (stealth).
 19243 | Orc:1    | 19243 ||| Stepping ~*~*~tactically~*~*~ (hiding).
 19244 | Orc:1    | 19244 ||| Stepping ~*~*~tactically~*~*~ (hiding).
 19245 | Orc:1    | 19245 ||| Stepping ~*~*~tactically~*~*~ (hiding).
 19246 | Orc:1    | 19246 ||| Stepping ~*~*~tactically~*~*~ (hiding).
 19274 | Orc:1    | 19274 ||| Stepping ~*~*~tactically~*~*~ (hiding).
 19282 | Orc:1    | 19282 ||| Stepping ~*~*~tactically~*~*~ (hiding).
 19294 | Orc:1    | 19294 ||| Stepping ~*~*~tactically~*~*~ (hiding).
 19295 | Orc:1    | 19295 ||| Stepping ~*~*~tactically~*~*~ (hiding).
 19297 | Orc:1    | 19297 ||| Stepping ~*~*~tactically~*~*~ (hiding).
 19303 | Orc:1    | 19303 ||| Stepping ~*~*~tactically~*~*~ (hiding).
 19518 | Orc:2    | Entered Level 2 of the Orcish Mines
 19518 | Orc:2    | Found a staircase to the Elven Halls.
 19542 | Orc:2    | Noticed an orc warlord
 19542 | Orc:2    | 19542 ||| INVOKING Apocalypse.
 19543 | Orc:2    | 19543 ||| FLEEEEING.
 19544 | Orc:2    | 19544 ||| FLEEEEING.
 19545 | Orc:2    | 19545 ||| FLEEEEING.
 19546 | Orc:2    | 19546 ||| FLEEEEING.
 19547 | Orc:2    | 19547 ||| FLEEEEING.
 19548 | Orc:2    | 19548 ||| FLEEEEING.
 19549 | Orc:2    | 19549 ||| FLEEEEING.
 19551 | Orc:2    | 19551 ||| FLEEEEING.
 19552 | Orc:2    | 19552 ||| FLEEEEING.
 19553 | Orc:2    | 19553 ||| FLEEEEING.
 19554 | Orc:2    | 19554 ||| FLEEEEING.
 19555 | Orc:2    | 19555 ||| FLEEEEING.
 19556 | Orc:2    | 19556 ||| STAIRDANCE
 19606 | Orc:2    | 19606 ||| STAIRDANCE
 19647 | Orc:2    | Killed an orc warlord
 19694 | Orc:2    | Noticed Urug
 19695 | Orc:2    | 19695 ||| INVOKING Apocalypse.
 19695 | Orc:2    | Killed Urug
 19697 | Orc:2    | 19697 ||| FLEEEEING.
 19698 | Orc:2    | 19698 ||| FLEEEEING.
 19699 | Orc:2    | 19699 ||| FLEEEEING.
 19700 | Orc:2    | 19700 ||| FLEEEEING.
 19705 | Orc:2    | 19705 ||| FLEEEEING.
 19706 | Orc:2    | 19706 ||| FLEEEEING.
 19715 | Orc:2    | 19715 ||| STAIRDANCE
 19875 | Orc:2    | Found Bepeqoah's Antique Weapon Emporium.
 19882 | Orc:2    | Found Vyetre's General Store.
 19929 | Orc:2    | Reached skill level 15 in Shields
 19931 | Orc:2    | 19931 ||| DROPPING +0 eveningstar.
 20080 | Orc:2    | Found Povvy's Book Emporium.
 20095 | Orc:2    | Found Pena's Antique Armour Emporium.
 20363 | Orc:2    | 20363 ||| PLANNING SPIDER:1-3
 20504 | Spider:1 | Entered Level 1 of the Spider Nest
 20532 | Spider:1 | 20532 ||| Stepping ~*~*~tactically~*~*~ (stealth).
 20596 | Spider:1 | 20596 ||| Stepping ~*~*~tactically~*~*~ (stealth).
 20605 | Spider:1 | 20605 ||| INVOKING Apocalypse.
 20653 | Spider:1 | 20653 ||| Stepping ~*~*~tactically~*~*~ (stealth).
 20667 | Spider:1 | 20667 ||| Stepping ~*~*~tactically~*~*~ (stealth).
 20700 | Spider:1 | 20700 ||| Stepping ~*~*~tactically~*~*~ (stealth).
 20701 | Spider:1 | 20701 ||| Stepping ~*~*~tactically~*~*~ (stealth).
 20787 | Spider:1 | 20787 ||| Stepping ~*~*~tactically~*~*~ (stealth).
 20809 | Spider:1 | 20809 ||| Stepping ~*~*~tactically~*~*~ (stealth).
 20845 | Spider:1 | Found a runed translucent door.
 20845 | Spider:1 | Noticed Cumifues's ghost (journeyman MiMo)
 20845 | Spider:1 | Noticed an emperor scorpion
 20874 | Spider:1 | 20874 ||| Stepping ~*~*~tactically~*~*~ (hiding).
 20903 | Spider:1 | 20903 ||| INVOKING Apocalypse.
 21011 | Spider:1 | 21011 ||| Stepping ~*~*~tactically~*~*~ (hiding).
 21027 | Spider:1 | 21027 ||| Stepping ~*~*~tactically~*~*~ (hiding).
 21028 | Spider:1 | 21028 ||| Stepping ~*~*~tactically~*~*~ (hiding).
 21108 | Spider:1 | 21108 ||| Stepping ~*~*~tactically~*~*~ (hiding).
 21125 | Spider:1 | 21125 ||| Stepping ~*~*~tactically~*~*~ (stealth).
 21199 | Spider:1 | 21199 ||| Stepping ~*~*~tactically~*~*~ (stealth).
 21211 | Spider:1 | Reached skill level 6 in Throwing
 21220 | Spider:1 | 21220 ||| Stepping ~*~*~tactically~*~*~ (stealth).
 21222 | Spider:1 | 21222 ||| Stepping ~*~*~tactically~*~*~ (stealth).
 21264 | Spider:1 | 21264 ||| Stepping ~*~*~tactically~*~*~ (hiding).
 21266 | Spider:1 | 21266 ||| Stepping ~*~*~tactically~*~*~ (hiding).
 21267 | Spider:1 | 21267 ||| Stepping ~*~*~tactically~*~*~ (hiding).
 21284 | Spider:1 | 21284 ||| DROPPING +2 eveningstar of protection.
 21760 | Spider:1 | 21760 ||| READING 3 scrolls of teleportation.
 21901 | Spider:2 | 21901 ||| STAIRDANCE
 22068 | Spider:2 | 22068 ||| STAIRDANCE
 22241 | Spider:2 | 22241 ||| STAIRDANCE
 22460 | Spider:2 | 22460 ||| FLEEEEING.
 22461 | Spider:2 | 22461 ||| FLEEEEING.
 22462 | Spider:2 | 22462 ||| FLEEEEING.
 22511 | Spider:2 | Reached XP level 14. HP: 123/123 MP: 13/13
 22511 | Spider:2 | 22511 ||| Stepping ~*~*~tactically~*~*~ (stealth).
 22516 | Spider:2 | 22516 ||| Stepping ~*~*~tactically~*~*~ (hiding).
 22517 | Spider:2 | 22517 ||| Stepping ~*~*~tactically~*~*~ (hiding).
 22520 | Spider:2 | 22520 ||| INVOKING Apocalypse.
 22525 | Spider:2 | 22525 ||| FLEEEEING.
 22526 | Spider:2 | 22526 ||| FLEEEEING.
 22527 | Spider:2 | 22527 ||| FLEEEEING.
 22528 | Spider:2 | 22528 ||| FLEEEEING.
 22531 | Spider:2 | 22531 ||| FLEEEEING.
 22532 | Spider:2 | 22532 ||| FLEEEEING.
 22533 | Spider:2 | 22533 ||| FLEEEEING.
 22534 | Spider:2 | 22534 ||| FLEEEEING.
 22535 | Spider:2 | 22535 ||| FLEEEEING.
 22536 | Spider:2 | 22536 ||| FLEEEEING.
 22537 | Spider:2 | 22537 ||| STAIRDANCE
 22790 | Spider:2 | 22790 ||| Stepping ~*~*~tactically~*~*~ (stealth).
 22791 | Spider:2 | 22791 ||| Stepping ~*~*~tactically~*~*~ (stealth).
 22804 | Spider:2 | 22804 ||| Stepping ~*~*~tactically~*~*~ (stealth).
 22806 | Spider:2 | 22806 ||| Stepping ~*~*~tactically~*~*~ (stealth).
 22812 | Spider:2 | 22812 ||| Stepping ~*~*~tactically~*~*~ (hiding).
 22859 | Spider:2 | 22859 ||| DRINKING 7 potions of curing.
 22859 | Spider:2 | 22859 ||| (to cure confusion)
 22868 | Spider:2 | 22868 ||| INVOKING Apocalypse.
 22879 | Spider:2 | 22879 ||| Stepping ~*~*~tactically~*~*~ (stealth).
 23095 | Spider:2 | 23095 ||| Stepping ~*~*~tactically~*~*~ (stealth).
 23097 | Spider:2 | 23097 ||| Stepping ~*~*~tactically~*~*~ (hiding).
 23259 | Spider:2 | 23259 ||| Stepping ~*~*~tactically~*~*~ (stealth).
 23317 | Spider:2 | Found a runed translucent gate.
 23317 | Spider:2 | Found a runed translucent gate.
 23317 | Spider:2 | Found a runed translucent gate.
 23319 | Spider:2 | Noticed qw's ghost (adept MiBe)
 23502 | Spider:2 | 23502 ||| DROPPING ring of protection from cold.
 23684 | Spider:3 | Noticed Mlioglotl
 23697 | Spider:3 | Killed Mlioglotl
 23702 | Spider:3 | 23702 ||| FLEEEEING.
 23703 | Spider:3 | 23703 ||| FLEEEEING.
 23704 | Spider:3 | 23704 ||| FLEEEEING.
 23705 | Spider:3 | 23705 ||| FLEEEEING.
 23713 | Spider:3 | 23713 ||| FLEEEEING.
 23714 | Spider:3 | 23714 ||| FLEEEEING.
 23715 | Spider:3 | 23715 ||| FLEEEEING.
 23716 | Spider:3 | 23716 ||| FLEEEEING.
 23717 | Spider:3 | 23717 ||| FLEEEEING.
 23718 | Spider:3 | 23718 ||| FLEEEEING.
 23719 | Spider:3 | 23719 ||| FLEEEEING.
 23720 | Spider:3 | 23720 ||| FLEEEEING.
 23721 | Spider:3 | 23721 ||| FLEEEEING.
 23723 | Spider:3 | 23723 ||| FLEEEEING.
 23725 | Spider:3 | 23725 ||| FLEEEEING.
 23726 | Spider:3 | 23726 ||| FLEEEEING.
 23727 | Spider:3 | 23727 ||| FLEEEEING.
 23728 | Spider:3 | 23728 ||| FLEEEEING.
 23729 | Spider:3 | 23729 ||| FLEEEEING.
 23730 | Spider:3 | 23730 ||| FLEEEEING.
 23731 | Spider:3 | 23731 ||| FLEEEEING.
 23733 | Spider:3 | 23733 ||| FLEEEEING.
 23734 | Spider:3 | 23734 ||| FLEEEEING.
 23735 | Spider:3 | 23735 ||| FLEEEEING.
 23736 | Spider:3 | 23736 ||| FLEEEEING.
 23737 | Spider:3 | 23737 ||| FLEEEEING.
 23738 | Spider:3 | 23738 ||| FLEEEEING.
 23739 | Spider:3 | 23739 ||| FLEEEEING.
 23740 | Spider:3 | 23740 ||| FLEEEEING.
 23741 | Spider:3 | 23741 ||| FLEEEEING.
 23742 | Spider:3 | 23742 ||| FLEEEEING.
 23743 | Spider:3 | 23743 ||| FLEEEEING.
 23744 | Spider:3 | 23744 ||| FLEEEEING.
 23745 | Spider:3 | 23745 ||| FLEEEEING.
 23746 | Spider:3 | 23746 ||| FLEEEEING.
 23747 | Spider:3 | 23747 ||| FLEEEEING.
 23748 | Spider:3 | 23748 ||| STAIRDANCE
 23762 | Spider:2 | 23762 ||| DROPPING +6 ring of intelligence.
 23793 | Spider:3 | Noticed Jorgrun
 23794 | Spider:3 | 23794 ||| INVOKING Apocalypse.
 23795 | Spider:3 | 23795 ||| FLEEEEING.
 23796 | Spider:3 | 23796 ||| FLEEEEING.
 23797 | Spider:3 | 23797 ||| FLEEEEING.
 23798 | Spider:3 | 23798 ||| FLEEEEING.
 23799 | Spider:3 | 23799 ||| FLEEEEING.
 23800 | Spider:3 | 23800 ||| FLEEEEING.
 23801 | Spider:3 | 23801 ||| FLEEEEING.
 23802 | Spider:3 | 23802 ||| STAIRDANCE
 23882 | Spider:3 | 23882 ||| STAIRDANCE
 23942 | Spider:3 | Killed Jorgrun
 24035 | Spider:3 | 24035 ||| Stepping ~*~*~tactically~*~*~ (stealth).
 24036 | Spider:3 | 24036 ||| Stepping ~*~*~tactically~*~*~ (stealth).
 24057 | Spider:3 | Reached skill level 15 in Armour
 24305 | Spider:3 | 24305 ||| Stepping ~*~*~tactically~*~*~ (stealth).
 24346 | Spider:3 | 24346 ||| Stepping ~*~*~tactically~*~*~ (stealth).
 24550 | Spider:3 | 24550 ||| Stepping ~*~*~tactically~*~*~ (stealth).
 24874 | Spider:3 | 24874 ||| Stepping ~*~*~tactically~*~*~ (stealth).
 24958 | Spider:3 | 24958 ||| Stepping ~*~*~tactically~*~*~ (stealth).
 24959 | Spider:3 | 24959 ||| INVOKING Apocalypse.
 24962 | Spider:3 | Noticed Agnes
 24983 | Spider:3 | Killed Agnes
 25176 | Spider:3 | 25176 ||| READING scroll labelled CEOCAJYC TOTAVI.
 25177 | Spider:3 | 25177 ||| DROPPING scroll of torment.
 25369 | Spider:3 | 25369 ||| PLANNING SWAMP:1-3
 25472 | Swamp:1  | Entered Level 1 of the Swamp
 25472 | Swamp:1  | Noticed a tentacled monstrosity
 25473 | Swamp:1  | 25473 ||| INVOKING Apocalypse.
 25477 | Swamp:1  | 25477 ||| Stepping ~*~*~tactically~*~*~ (water).
 25490 | Swamp:1  | Killed a tentacled monstrosity
 25503 | Swamp:1  | 25503 ||| Stepping ~*~*~tactically~*~*~ (water).
 25507 | Swamp:1  | 25507 ||| SWAPPING to +2 broad axe of flaming.
 25509 | Swamp:1  | 25509 ||| SWAPPING to +0 vampiric war axe.
 25514 | Swamp:1  | 25514 ||| SWAPPING to +2 broad axe of flaming.
 25517 | Swamp:1  | 25517 ||| Stepping ~*~*~tactically~*~*~ (cloud).
 25518 | Swamp:1  | 25518 ||| SWAPPING to +0 vampiric war axe.
 25561 | Swamp:1  | 25561 ||| Stepping ~*~*~tactically~*~*~ (stealth).
 25998 | Swamp:2  | 25998 ||| STAIRDANCE
 26010 | Swamp:2  | 26010 ||| STAIRDANCE
 26028 | Swamp:2  | 26028 ||| STAIRDANCE
 26030 | Swamp:1  | 26030 ||| INVOKING Apocalypse.
 26031 | Swamp:1  | 26031 ||| SWAPPING to +2 broad axe of flaming.
 26035 | Swamp:1  | 26035 ||| SWAPPING to +0 vampiric war axe.
 26097 | Swamp:2  | 26097 ||| SWAPPING to +2 broad axe of flaming.
 26109 | Swamp:2  | 26109 ||| SWAPPING to +0 vampiric war axe.
 26218 | Swamp:2  | 26218 ||| Stepping ~*~*~tactically~*~*~ (cloud).
 26344 | Swamp:2  | 26344 ||| Stepping ~*~*~tactically~*~*~ (hiding).
 26346 | Swamp:2  | 26346 ||| Stepping ~*~*~tactically~*~*~ (hiding).
 26355 | Swamp:2  | 26355 ||| Stepping ~*~*~tactically~*~*~ (cloud).
 26386 | Swamp:2  | 26386 ||| Stepping ~*~*~tactically~*~*~ (hiding).
 26394 | Swamp:2  | 26394 ||| Stepping ~*~*~tactically~*~*~ (stealth).
 26488 | Swamp:2  | Noticed a tentacled monstrosity
 26489 | Swamp:2  | 26489 ||| INVOKING Apocalypse.
 26494 | Swamp:2  | 26494 ||| FLEEEEING.
 26496 | Swamp:2  | 26496 ||| FLEEEEING.
 26498 | Swamp:2  | 26498 ||| FLEEEEING.
 26506 | Swamp:2  | Killed a tentacled monstrosity
 26637 | Swamp:2  | 26637 ||| READING scroll of enchant weapon.
 26637 | Swamp:2  | 26637 ||| ENCHANTING +0 vampiric war axe.
 26686 | Swamp:2  | Reached XP level 15. HP: 126/137 MP: 14/14
 27033 | Swamp:3  | Found a frozen archway.
 27043 | Swamp:3  | 27043 ||| Stepping ~*~*~tactically~*~*~ (cloud).
 27098 | Swamp:3  | 27098 ||| INVOKING Apocalypse.
 27099 | Swamp:3  | 27099 ||| FLEEEEING.
 27100 | Swamp:3  | 27100 ||| FLEEEEING.
 27103 | Swamp:3  | 27103 ||| SWAPPING to +2 broad axe of flaming.
 27106 | Swamp:3  | 27106 ||| SWAPPING to +1 vampiric war axe.
 27113 | Swamp:3  | 27113 ||| SWAPPING to +2 broad axe of flaming.
 27120 | Swamp:3  | 27120 ||| SWAPPING to +1 vampiric war axe.
 27504 | Swamp:3  | 27504 ||| PLANNING SPIDER:4
 27653 | Spider:4 | Entered Level 4 of the Spider Nest
 27654 | Spider:4 | 27654 ||| STAIRDANCE
 27659 | Spider:4 | 27659 ||| Stepping ~*~*~tactically~*~*~ (hiding).
 27660 | Spider:4 | 27660 ||| Stepping ~*~*~tactically~*~*~ (hiding).
 27720 | Spider:4 | 27720 ||| Stepping ~*~*~tactically~*~*~ (hiding).
 27757 | Spider:4 | 27757 ||| Stepping ~*~*~tactically~*~*~ (stealth).
 27767 | Spider:4 | 27767 ||| Stepping ~*~*~tactically~*~*~ (stealth).
 27835 | Spider:4 | 27835 ||| Stepping ~*~*~tactically~*~*~ (stealth).
 27840 | Spider:4 | 27840 ||| Stepping ~*~*~tactically~*~*~ (hiding).
 27842 | Spider:4 | 27842 ||| INVOKING Apocalypse.
 27844 | Spider:4 | 27844 ||| Stepping ~*~*~tactically~*~*~ (hiding).
 27854 | Spider:4 | Noticed Nikola
 27887 | Spider:4 | 27887 ||| Stepping ~*~*~tactically~*~*~ (hiding).
 27888 | Spider:4 | 27888 ||| Stepping ~*~*~tactically~*~*~ (hiding).
 27889 | Spider:4 | 27889 ||| FLEEEEING.
 27890 | Spider:4 | 27890 ||| FLEEEEING.
 27891 | Spider:4 | 27891 ||| FLEEEEING.
 27896 | Spider:4 | Killed Nikola
 27910 | Spider:4 | 27910 ||| Stepping ~*~*~tactically~*~*~ (stealth).
 27963 | Spider:4 | 27963 ||| Stepping ~*~*~tactically~*~*~ (stealth).
 27984 | Spider:4 | 27984 ||| Stepping ~*~*~tactically~*~*~ (stealth).
 27994 | Spider:4 | 27994 ||| Stepping ~*~*~tactically~*~*~ (stealth).
 28018 | Spider:4 | 28018 ||| INVOKING Apocalypse.
 28020 | Spider:4 | 28020 ||| Stepping ~*~*~tactically~*~*~ (stealth).
 28024 | Spider:4 | 28024 ||| Stepping ~*~*~tactically~*~*~ (stealth).
 28071 | Spider:4 | 28071 ||| Stepping ~*~*~tactically~*~*~ (stealth).
 28139 | Spider:4 | Noticed Arachne
 28164 | Spider:4 | HP: 24/124 [Arachne/poison arrow (18)]
 28165 | Spider:4 | 28165 ||| Stepping ~*~*~tactically~*~*~ (hiding).
 28166 | Spider:4 | 28166 ||| READING 5 scrolls of teleportation.
 28167 | Spider:4 | 28167 ||| DRINKING 6 potions of heal wounds.
 28169 | Spider:4 | HP: 32/128 [poisoned by Arachne (poison arrow)]
 28173 | Spider:4 | 28173 ||| FLEEEEING.
 28174 | Spider:4 | 28174 ||| FLEEEEING.
 28174 | Spider:4 | HP: 30/128 [poisoned by Arachne (poison arrow)]
 28175 | Spider:4 | 28175 ||| FLEEEEING.
 28176 | Spider:4 | 28176 ||| STAIRDANCE
 28330 | Spider:4 | 28330 ||| Stepping ~*~*~tactically~*~*~ (hiding).
 28339 | Spider:4 | Killed Arachne
 28410 | Spider:4 | 28410 ||| Stepping randomly (disturbance).
 28443 | Spider:4 | 28443 ||| Stepping ~*~*~tactically~*~*~ (hiding).
 28457 | Spider:4 | Reached skill level 18 in Fighting
 28655 | Spider:4 | Got a gossamer rune of Zot
 28767 | Spider:4 | 28767 ||| PLANNING VAULTS:1-4
 28767 | Spider:4 | 28767 ||| DROPPING scarf of repulsion.
 29025 | Vaults:1 | Entered Level 1 of the Vaults
 29025 | Vaults:1 | Found Uris's Armour Boutique.
 29032 | Vaults:1 | 29032 ||| BUYING +2 hat of Boredom {rF- Int+6} (319 gold).
 29032 | Vaults:1 | Bought the +2 hat of Boredom {rF- Int+6} for 319 gold
                  | pieces
 29077 | Vaults:1 | 29077 ||| INVOKING Apocalypse.
 29178 | Abyss:3  | Cast into level 3 of the Abyss (a wizard)
 29182 | Abyss:3  | 29182 ||| Stepping ~*~*~tactically~*~*~ (stealth).
 29185 | Abyss:3  | 29185 ||| Stepping ~*~*~tactically~*~*~ (stealth).
 29196 | Abyss:3  | 29196 ||| Stepping ~*~*~tactically~*~*~ (stealth).
 29199 | Abyss:3  | 29199 ||| Stepping ~*~*~tactically~*~*~ (hiding).
 29217 | Abyss:3  | 29217 ||| Stepping ~*~*~tactically~*~*~ (hiding).
 29249 | Abyss:3  | 29249 ||| INVOKING Apocalypse.
 29267 | Abyss:3  | 29267 ||| Stepping ~*~*~tactically~*~*~ (hiding).
 29357 | Abyss:3  | 29357 ||| INVOKING Apocalypse.
 29376 | Abyss:3  | HP: 26/116 [raiju/living lightning (8)]
 29377 | Abyss:3  | 29377 ||| READING 5 scrolls of teleportation.
 29378 | Abyss:3  | 29378 ||| DRINKING 5 potions of heal wounds.
 29385 | Abyss:3  | Gained mutation: You have hidden genetic defects. [a
                  | neqoxec]
 29389 | Vaults:1 | Escaped the Abyss
 29690 | Vaults:1 | 29690 ||| Stepping ~*~*~tactically~*~*~ (stealth).
 29696 | Vaults:1 | Reached skill level 9 in Throwing
 29792 | Vaults:1 | Noticed Saint Roka
 29793 | Vaults:1 | 29793 ||| Stepping ~*~*~tactically~*~*~ (stealth).
 29816 | Vaults:1 | Killed Saint Roka
 29855 | Vaults:1 | Noticed Aizul
 29855 | Vaults:1 | 29855 ||| Stepping ~*~*~tactically~*~*~ (hiding).
 29858 | Vaults:1 | 29858 ||| INVOKING Apocalypse.
 29860 | Vaults:1 | 29860 ||| DRINKING 5 potions of resistance.
 29865 | Vaults:1 | Killed Aizul
 29866 | Vaults:1 | Reached XP level 16. HP: 60/133 MP: 7/15
 29884 | Vaults:1 | 29884 ||| Stepping ~*~*~tactically~*~*~ (hiding).
 29902 | Vaults:1 | Gained mutation: Your magical capacity is low. (-10% MP)
                  | [hidden defects]
 29923 | Vaults:1 | 29923 ||| DRINKING 4 potions of resistance.
 29943 | Vaults:1 | Reached skill level 9 in Dodging
 29985 | Vaults:1 | Found Bauseheh's Antique Weapon Boutique.
 30169 | Vaults:1 | Found Rubluala's Book Boutique.
 30222 | Vaults:1 | 30222 ||| INVOKING Apocalypse.
 30244 | Vaults:1 | 30244 ||| Stepping ~*~*~tactically~*~*~ (stealth).
 30448 | Vaults:1 | 30448 ||| DRINKING 3 potions of resistance.
 30716 | Vaults:1 | Found Hyvun's General Store.
 30720 | Vaults:1 | 30720 ||| BUYING potion of mutation (104 gold).
 30720 | Vaults:1 | Bought a potion of mutation for 104 gold pieces
 30720 | Vaults:1 | 30720 ||| BUYING scroll of teleportation (39 gold).
 30720 | Vaults:1 | Bought a scroll of teleportation for 39 gold pieces
 30734 | Vaults:1 | 30734 ||| Stepping ~*~*~tactically~*~*~ (hiding).
 30737 | Vaults:1 | 30737 ||| Stepping ~*~*~tactically~*~*~ (stealth).
 30746 | Vaults:1 | Noticed Donald
 30747 | Vaults:1 | 30747 ||| INVOKING Apocalypse.
 30753 | Vaults:1 | Killed Donald
 30879 | Vaults:1 | 30879 ||| Stepping ~*~*~tactically~*~*~ (stealth).
 30883 | Vaults:1 | 30883 ||| Stepping ~*~*~tactically~*~*~ (stealth).
 31405 | Vaults:2 | Gained mutation: You are weak. (Str -2) [hidden defects]
 31405 | Vaults:2 | Lost mutation: You have hidden genetic defects. [hidden
                  | defects expressed]
 31453 | Vaults:2 | 31453 ||| Stepping ~*~*~tactically~*~*~ (hiding).
 31684 | Vaults:2 | 31684 ||| Stepping ~*~*~tactically~*~*~ (hiding).
 31782 | Vaults:2 | Reached skill level 18 in Armour
 31926 | Vaults:2 | 31926 ||| FLEEEEING.
 31927 | Vaults:2 | 31927 ||| FLEEEEING.
 31928 | Vaults:2 | 31928 ||| FLEEEEING.
 31929 | Vaults:2 | 31929 ||| FLEEEEING.
 31930 | Vaults:2 | 31930 ||| FLEEEEING.
 31931 | Vaults:2 | 31931 ||| FLEEEEING.
 31932 | Vaults:2 | 31932 ||| FLEEEEING.
 31933 | Vaults:2 | 31933 ||| FLEEEEING.
 31934 | Vaults:2 | 31934 ||| FLEEEEING.
 31935 | Vaults:2 | 31935 ||| FLEEEEING.
 31936 | Vaults:2 | 31936 ||| FLEEEEING.
 31937 | Vaults:2 | 31937 ||| FLEEEEING.
 31938 | Vaults:2 | 31938 ||| FLEEEEING.
 31939 | Vaults:2 | 31939 ||| FLEEEEING.
 31940 | Vaults:2 | 31940 ||| FLEEEEING.
 31942 | Vaults:2 | 31942 ||| FLEEEEING.
 31944 | Vaults:2 | 31944 ||| FLEEEEING.
 31946 | Vaults:2 | 31946 ||| FLEEEEING.
 31948 | Vaults:2 | 31948 ||| FLEEEEING.
 31949 | Vaults:2 | 31949 ||| INVOKING Apocalypse.
 31977 | Vaults:2 | HP: 20/151 [deep troll[an ironbound preserver] (19)]
 31978 | Vaults:2 | 31978 ||| READING 6 scrolls of teleportation.
 31979 | Vaults:2 | 31979 ||| DRINKING 5 potions of heal wounds.
 32258 | Vaults:2 | 32258 ||| Stepping ~*~*~tactically~*~*~ (stealth).
 32260 | Vaults:2 | 32260 ||| Stepping ~*~*~tactically~*~*~ (stealth).
 32309 | Vaults:2 | 32309 ||| Stepping ~*~*~tactically~*~*~ (hiding).
 32327 | Vaults:2 | 32327 ||| INVOKING Apocalypse.
 32437 | Vaults:2 | 32437 ||| Stepping ~*~*~tactically~*~*~ (stealth).
 32482 | Vaults:2 | Found an ancient bone altar of Kikubaaqudgha.
 32487 | Vaults:2 | Found a staircase to the Crypt.
 32488 | Vaults:2 | Found a basalt altar of Yredelemnul.
 32608 | Vaults:2 | 32608 ||| DRINKING 2 potions of resistance.
 32700 | Vaults:2 | 32700 ||| DRINKING potion of resistance.
 32760 | Vaults:2 | 32760 ||| INVOKING Apocalypse.
 33058 | Vaults:2 | 33058 ||| UPGRADING to +0 tower shield.
 33068 | Vaults:2 | 33068 ||| DROPPING +2 kite shield of protection.
 33069 | Vaults:2 | 33069 ||| UPGRADING to +2 plate armour of willpower.
 33079 | Vaults:2 | 33079 ||| DROPPING +3 plate armour.
 33177 | Vaults:2 | 33177 ||| READING 5 scrolls of teleportation.
 33178 | Vaults:2 | 33178 ||| STAIRDANCE
 33186 | Vaults:2 | 33186 ||| READING 4 scrolls of teleportation.
 33187 | Vaults:2 | 33187 ||| STAIRDANCE
 33291 | Vaults:3 | 33291 ||| Stepping ~*~*~tactically~*~*~ (hiding).
 33294 | Vaults:3 | 33294 ||| Stepping ~*~*~tactically~*~*~ (hiding).
 33295 | Vaults:3 | 33295 ||| Stepping ~*~*~tactically~*~*~ (hiding).
 33302 | Vaults:3 | Reached XP level 17. HP: 152/153 MP: 14/14
 33377 | Vaults:3 | 33377 ||| Stepping ~*~*~tactically~*~*~ (stealth).
 33412 | Vaults:3 | 33412 ||| Stepping ~*~*~tactically~*~*~ (stealth).
 33458 | Vaults:3 | 33458 ||| Stepping ~*~*~tactically~*~*~ (hiding).
 33459 | Vaults:3 | 33459 ||| INVOKING Apocalypse.
 33531 | Vaults:3 | 33531 ||| Stepping ~*~*~tactically~*~*~ (hiding).
 33563 | Vaults:3 | 33563 ||| FLEEEEING.
 33564 | Vaults:3 | 33564 ||| FLEEEEING.
 33566 | Vaults:3 | 33566 ||| FLEEEEING.
 33567 | Vaults:3 | 33567 ||| FLEEEEING.
 33568 | Vaults:3 | 33568 ||| FLEEEEING.
 33569 | Vaults:3 | 33569 ||| FLEEEEING.
 33570 | Vaults:3 | 33570 ||| FLEEEEING.
 33577 | Vaults:3 | 33577 ||| FLEEEEING.
 33578 | Vaults:3 | 33578 ||| STAIRDANCE
 33710 | Vaults:3 | 33710 ||| Stepping ~*~*~tactically~*~*~ (hiding).
 33712 | Vaults:3 | 33712 ||| Stepping ~*~*~tactically~*~*~ (hiding).
 33759 | Vaults:3 | 33759 ||| READING scroll of acquirement.
 33759 | Vaults:3 | 33759 ||| ACQUIRING +2 pair of boots of rampaging
 33759 | Vaults:3 | Acquired a +2 pair of boots of rampaging
 33761 | Vaults:3 | 33761 ||| UPGRADING to +2 pair of boots of rampaging.
 33771 | Vaults:3 | 33771 ||| DROPPING +0 pair of boots.
 33844 | Vaults:3 | Noticed qw's ghost (adept MiFi)
 33849 | Vaults:3 | Found a transporter.
 33852 | Vaults:3 | Found a transporter.
 33872 | Vaults:3 | 33872 ||| Stepping ~*~*~tactically~*~*~ (hiding).
 33875 | Vaults:3 | 33875 ||| Stepping ~*~*~tactically~*~*~ (hiding).
 34015 | Vaults:3 | 34015 ||| Stepping ~*~*~tactically~*~*~ (hiding).
 34016 | Vaults:3 | 34016 ||| Stepping ~*~*~tactically~*~*~ (hiding).
 34307 | Vaults:3 | Reached skill level 18 in Shields
 34352 | Vaults:3 | 34352 ||| Stepping ~*~*~tactically~*~*~ (hiding).
 34362 | Vaults:3 | 34362 ||| Stepping ~*~*~tactically~*~*~ (hiding).
 34377 | Vaults:3 | Gained mutation: You are partially covered in large bone
                  | plates. (SH +4) [mutagenic glow]
 34385 | Vaults:3 | Gained mutation: Your magical capacity is very low. (-20%
                  | MP) [mutagenic glow]
 34391 | Vaults:3 | 34391 ||| INVOKING Apocalypse.
 34397 | Vaults:3 | Lost mutation: You have large cloven feet. [mutagenic glow]
 34397 | Vaults:3 | Gained mutation: You have sharp toenails. [mutagenic glow]
 34406 | Vaults:3 | Gained mutation: Your body sometimes deteriorates upon
                  | taking damage. [mutagenic glow]
 34505 | Vaults:3 | 34505 ||| Stepping ~*~*~tactically~*~*~ (hiding).
 34514 | Vaults:3 | 34514 ||| Stepping ~*~*~tactically~*~*~ (stealth).
 34559 | Vaults:3 | 34559 ||| INVOKING Apocalypse.
 34585 | Vaults:3 | 34585 ||| FLEEEEING.
 34586 | Vaults:3 | 34586 ||| FLEEEEING.
 34587 | Vaults:3 | 34587 ||| FLEEEEING.
 34595 | Vaults:3 | 34595 ||| FLEEEEING.
 34597 | Vaults:3 | 34597 ||| FLEEEEING.
 34603 | Vaults:3 | 34603 ||| FLEEEEING.
 34604 | Vaults:3 | 34604 ||| FLEEEEING.
 34605 | Vaults:3 | 34605 ||| Stepping ~*~*~tactically~*~*~ (hiding).
 34610 | Vaults:3 | HP: 31/145 [shock serpent (glowing shapeshifter)/electric
                  | aura (8)]
 34611 | Vaults:3 | 34611 ||| READING 4 scrolls of teleportation.
 34612 | Vaults:3 | 34612 ||| DRINKING 4 potions of heal wounds.
 34726 | Vaults:3 | 34726 ||| Stepping ~*~*~tactically~*~*~ (stealth).
 34796 | Vaults:3 | 34796 ||| Stepping ~*~*~tactically~*~*~ (stealth).
 34937 | Vaults:3 | 34937 ||| INVOKING Apocalypse.
 35007 | Vaults:3 | 35007 ||| Stepping ~*~*~tactically~*~*~ (stealth).
 35110 | Vaults:3 | 35110 ||| DROPPING amulet of guardian spirit.
 35140 | Vaults:4 | 35140 ||| Stepping ~*~*~tactically~*~*~ (hiding).
 35171 | Vaults:4 | 35171 ||| Stepping ~*~*~tactically~*~*~ (hiding).
 35201 | Vaults:4 | 35201 ||| FLEEEEING.
 35202 | Vaults:4 | 35202 ||| FLEEEEING.
 35205 | Vaults:4 | 35205 ||| FLEEEEING.
 35206 | Vaults:4 | 35206 ||| FLEEEEING.
 35207 | Vaults:4 | 35207 ||| FLEEEEING.
 35208 | Vaults:4 | 35208 ||| FLEEEEING.
 35209 | Vaults:4 | 35209 ||| FLEEEEING.
 35210 | Vaults:4 | 35210 ||| FLEEEEING.
 35211 | Vaults:4 | 35211 ||| FLEEEEING.
 35212 | Vaults:4 | 35212 ||| FLEEEEING.
 35213 | Vaults:4 | 35213 ||| FLEEEEING.
 35214 | Vaults:4 | 35214 ||| FLEEEEING.
 35215 | Vaults:4 | 35215 ||| FLEEEEING.
 35218 | Vaults:4 | 35218 ||| STAIRDANCE
 35480 | Vaults:4 | 35480 ||| READING scroll of enchant weapon.
 35480 | Vaults:4 | 35480 ||| ENCHANTING +1 vampiric war axe.
 35530 | Vaults:4 | 35530 ||| Stepping ~*~*~tactically~*~*~ (stealth).
 35533 | Vaults:4 | 35533 ||| Stepping ~*~*~tactically~*~*~ (stealth).
 35538 | Vaults:4 | 35538 ||| Stepping ~*~*~tactically~*~*~ (stealth).
 35541 | Vaults:4 | 35541 ||| Stepping ~*~*~tactically~*~*~ (stealth).
 35542 | Vaults:4 | 35542 ||| Stepping ~*~*~tactically~*~*~ (stealth).
 35664 | Vaults:4 | 35664 ||| INVOKING Apocalypse.
 35665 | Vaults:4 | 35665 ||| FLEEEEING.
 35666 | Vaults:4 | 35666 ||| FLEEEEING.
 35667 | Vaults:4 | 35667 ||| FLEEEEING.
 35668 | Vaults:4 | 35668 ||| FLEEEEING.
 35669 | Vaults:4 | 35669 ||| FLEEEEING.
 35735 | Vaults:4 | Found the +6 Majin-Bo {vamp, MP+6 Int+6}
 36090 | Vaults:4 | 36090 ||| Stepping ~*~*~tactically~*~*~ (hiding).
 36273 | Vaults:4 | 36273 ||| INVOKING Apocalypse.
 36601 | Vaults:4 | 36601 ||| READING 4 scrolls of teleportation.
 36602 | Vaults:4 | 36602 ||| PLANNING SWAMP:4
 37038 | Swamp:4  | Entered Level 4 of the Swamp
 37041 | Swamp:4  | 37041 ||| Stepping ~*~*~tactically~*~*~ (water).
 37042 | Swamp:4  | 37042 ||| SWAPPING to +2 broad axe of flaming.
 37053 | Swamp:4  | 37053 ||| SWAPPING to +2 vampiric war axe.
 37059 | Swamp:4  | 37059 ||| STAIRDANCE
 37091 | Swamp:4  | 37091 ||| STAIRDANCE
 37108 | Swamp:4  | 37108 ||| STAIRDANCE
 37110 | Swamp:3  | 37110 ||| SWAPPING to +2 broad axe of flaming.
 37114 | Swamp:3  | 37114 ||| SWAPPING to +2 vampiric war axe.
 37133 | Swamp:4  | 37133 ||| SWAPPING to +2 broad axe of flaming.
 37141 | Swamp:4  | 37141 ||| INVOKING Apocalypse.
 37142 | Swamp:4  | Reached skill level 18 in Axes
 37142 | Swamp:4  | 37142 ||| SWAPPING to +2 vampiric war axe.
 37148 | Swamp:4  | 37148 ||| SWAPPING to +2 broad axe of flaming.
 37160 | Swamp:4  | 37160 ||| SWAPPING to +2 vampiric war axe.
 37163 | Swamp:4  | 37163 ||| SWAPPING to +2 broad axe of flaming.
 37166 | Swamp:4  | 37166 ||| Stepping ~*~*~tactically~*~*~ (water).
 37168 | Swamp:4  | 37168 ||| SWAPPING to +2 vampiric war axe.
 37169 | Swamp:4  | 37169 ||| SWAPPING to +2 broad axe of flaming.
 37175 | Swamp:4  | 37175 ||| SWAPPING to +2 vampiric war axe.
 37178 | Swamp:4  | Reached XP level 18. HP: 82/157 MP: 7/13
 37192 | Swamp:4  | 37192 ||| Stepping ~*~*~tactically~*~*~ (hiding).
 37213 | Swamp:4  | 37213 ||| DROPPING +2 broad axe of flaming.
 37224 | Swamp:4  | 37224 ||| Stepping ~*~*~tactically~*~*~ (hiding).
 37233 | Swamp:4  | 37233 ||| Stepping ~*~*~tactically~*~*~ (hiding).
 37302 | Swamp:4  | 37302 ||| Stepping ~*~*~tactically~*~*~ (water).
 37389 | Swamp:4  | 37389 ||| Stepping ~*~*~tactically~*~*~ (stealth).
 37432 | Swamp:4  | 37432 ||| Stepping ~*~*~tactically~*~*~ (hiding).
 37433 | Swamp:4  | 37433 ||| Stepping ~*~*~tactically~*~*~ (hiding).
 37598 | Swamp:4  | Got a decaying rune of Zot
 37858 | Swamp:4  | Reached skill level 21 in Shields
 37903 | Swamp:4  | 37903 ||| PLANNING DEPTHS
 37903 | Swamp:4  | 37903 ||| UPGRADING to +4 ring of protection.
 37905 | Swamp:4  | 37905 ||| DROPPING ring of Afromut {*Slow rPois Str+4
                  | Int+6}.
 38180 | Depths:1 | Entered Level 1 of the Depths
 38194 | Depths:1 | 38194 ||| Stepping ~*~*~tactically~*~*~ (cloud).
 38203 | Depths:1 | 38203 ||| INVOKING Apocalypse.
 38235 | Depths:1 | 38235 ||| Stepping ~*~*~tactically~*~*~ (stealth).
 38352 | Depths:1 | Found a gateway to Hell.
 38386 | Depths:1 | Found a one-way gateway to a ziggurat.
 38387 | Depths:1 | 38387 ||| INVOKING Apocalypse.
 38582 | Depths:1 | 38582 ||| Stepping ~*~*~tactically~*~*~ (hiding).
 38583 | Depths:1 | 38583 ||| Stepping ~*~*~tactically~*~*~ (hiding).
 38584 | Depths:1 | 38584 ||| Stepping ~*~*~tactically~*~*~ (hiding).
 38607 | Depths:1 | 38607 ||| Stepping ~*~*~tactically~*~*~ (stealth).
 38608 | Depths:1 | 38608 ||| Stepping ~*~*~tactically~*~*~ (stealth).
 38612 | Depths:1 | 38612 ||| Stepping ~*~*~tactically~*~*~ (stealth).
 38614 | Depths:1 | 38614 ||| Stepping ~*~*~tactically~*~*~ (stealth).
 38621 | Depths:1 | 38621 ||| Stepping ~*~*~tactically~*~*~ (stealth).
 38625 | Depths:1 | 38625 ||| Stepping ~*~*~tactically~*~*~ (stealth).
 38769 | Depths:1 | Paralysed by a vampire knight for 5 turns
 38778 | Depths:1 | 38778 ||| INVOKING Apocalypse.
 39014 | Depths:1 | Reached skill level 21 in Fighting
 39095 | Depths:1 | Found a one-way gate to the infinite horrors of the Abyss.
 39146 | Depths:1 | Found Tushra Qipey's Assorted Antiques.
 39155 | Depths:1 | 39155 ||| BUYING crude plate armour (1176 gold).
 39155 | Depths:1 | Bought a crude plate armour for 1176 gold pieces
 39155 | Depths:1 | Identified the +10 plate armour "Miqauliok" {Int+2} (You
                  | bought it in a shop on level 1 of the Depths)
 39155 | Depths:1 | 39155 ||| BUYING scroll of enchant armour (315 gold).
 39155 | Depths:1 | Bought a scroll of enchant armour for 315 gold pieces
 39155 | Depths:1 | 39155 ||| READING scroll of enchant armour.
 39155 | Depths:1 | 39155 ||| ENCHANTING +2 plate armour of willpower.
 39280 | Depths:1 | Found a one-way gate leading to the halls of Pandemonium.
 39436 | Depths:1 | 39436 ||| UPGRADING to +10 plate armour "Miqauliok"
                  | {Int+2}.
 39446 | Depths:1 | 39446 ||| DROPPING +2 plate armour of poison resistance.
 39447 | Depths:1 | 39447 ||| DROPPING +9 plate armour of ponderousness.
 39448 | Depths:1 | 39448 ||| DROPPING +3 plate armour of willpower.
 39449 | Depths:1 | 39449 ||| DRINKING 2 fizzy purple potions.
 39554 | Depths:1 | 39554 ||| DROPPING potion of berserk rage.
 39614 | Depths:2 | 39614 ||| Stepping ~*~*~tactically~*~*~ (stealth).
 39616 | Depths:2 | 39616 ||| Stepping ~*~*~tactically~*~*~ (stealth).
 39618 | Depths:2 | 39618 ||| Stepping ~*~*~tactically~*~*~ (hiding).
 39656 | Depths:2 | 39656 ||| Stepping ~*~*~tactically~*~*~ (stealth).
 39657 | Depths:2 | 39657 ||| Stepping ~*~*~tactically~*~*~ (stealth).
 39697 | Depths:2 | 39697 ||| Stepping ~*~*~tactically~*~*~ (hiding).
 39701 | Depths:2 | 39701 ||| INVOKING Apocalypse.
 39716 | Depths:2 | 39716 ||| FLEEEEING.
 39790 | Depths:2 | Found a transporter.
 39795 | Depths:2 | 39795 ||| Stepping ~*~*~tactically~*~*~ (stealth).
 39796 | Depths:2 | 39796 ||| Stepping ~*~*~tactically~*~*~ (stealth).
 39800 | Depths:2 | 39800 ||| Stepping ~*~*~tactically~*~*~ (stealth).
 39802 | Depths:2 | 39802 ||| Stepping ~*~*~tactically~*~*~ (stealth).
 39804 | Depths:2 | 39804 ||| Stepping ~*~*~tactically~*~*~ (stealth).
 39840 | Depths:2 | 39840 ||| Stepping ~*~*~tactically~*~*~ (stealth).
 39841 | Depths:2 | 39841 ||| Stepping ~*~*~tactically~*~*~ (stealth).
 39842 | Depths:2 | 39842 ||| Stepping ~*~*~tactically~*~*~ (stealth).
 39843 | Depths:2 | 39843 ||| Stepping ~*~*~tactically~*~*~ (stealth).
 39864 | Depths:2 | 39864 ||| Stepping ~*~*~tactically~*~*~ (stealth).
 39865 | Depths:2 | 39865 ||| FLEEEEING.
 39866 | Depths:2 | 39866 ||| FLEEEEING.
 39918 | Depths:2 | Found a transporter.
 39920 | Depths:2 | Found a transporter.
 39974 | Depths:2 | 39974 ||| Stepping ~*~*~tactically~*~*~ (stealth).
 39975 | Depths:2 | 39975 ||| Stepping ~*~*~tactically~*~*~ (stealth).
 39992 | Depths:2 | Found a transporter.
 40030 | Depths:2 | 40030 ||| Stepping ~*~*~tactically~*~*~ (hiding).
 40045 | Depths:2 | 40045 ||| Stepping ~*~*~tactically~*~*~ (hiding).
 40051 | Depths:2 | 40051 ||| Stepping randomly (cloudy).
 40052 | Depths:2 | 40052 ||| Stepping ~*~*~tactically~*~*~ (cloud).
 40063 | Depths:2 | HP: 37/162 [poison (poison gas)]
 40064 | Depths:2 | 40064 ||| READING 6 scrolls of teleportation.
 40064 | Depths:2 | HP: 17/162 [poison (poison gas)]
 40065 | Depths:2 | 40065 ||| DRINKING 6 potions of heal wounds.
 40065 | Depths:2 | Killed from afar by a fire giant

Levels and vault maps discovered:
D:1:      lemuel_arrival_behind_the_door_small, layout_basic
D:2:      layout_loops_ring, serial_shops, shop, nicolae_ecumenical_pavilion,
          basic_altar, serial_aquarium, aquarium_bridge_straight
          [aquarium_subvault_bridge, aquarium_subvault_window,
          aquarium_subvault_bridge, aquarium_subvault_wall],
          aquarium_window_fake, aquarium_window_fake, aquarium_window_2,
          aquarium_window_fake, aquarium_view_2d, aquarium_view_2c,
          aquarium_balcony_3a, aquarium_pool_double, uniq_natasha
D:3:      layout_basic, gammafunk_ghost_smash, minmay_vboxes
D:4:      layout_basic, minmay_temple_entry_drinking_statues, serial_shops,
          nicolae_shop_trees
D:5:      layout_loops_ring, slow_altar_1, uniq_edmund
D:6:      corexii_shack_village, layout_basic, mainiacjoe_overflow_alcove_1,
          lightli_ossuary_entry_decrepit_ruins
D:7:      layout_basic, serial_shops, nicolae_stop_n_shop_1, uniq_joseph,
          uniq_pikel, uniq_menkaure
D:8:      layout_cave_pools, ebering_ghost_reflecting_pool,
          nicolae_diode_quadrants, uniq_grum
D:9:      hellmonk_ruined_rings, layout_loops_ring,
          nicolae_ashenzari_panopticon,
          chequers_temple_overflow_statue_of_worship,
          minmay_orc_entry_guard_dogs, serial_rivers,
          chequers_serial_rivers_micro_b, chequers_serial_rivers_marsh,
          chequers_serial_rivers_micro_d, chequers_serial_rivers_micro_b,
          chequers_serial_rivers_small_3, grunt_potential
D:10:     layout_rooms, minmay_lair_entry_grove
D:11:     layout_basic, gammafunk_ghost_arena, minmay_hollow_rounded_squares,
          uniq_maurice, uniq_erolcha
D:12:     layout_gridville, minmay_statue_bubble
D:13:     layout_roguey, fountainhead
D:14:     layout_gridville, david_vaults_1, minivault_14, serial_rivers,
          chequers_serial_rivers_small_b, chequers_serial_rivers_marsh,
          chequers_serial_rivers_small_b, chequers_serial_rivers_room_b
D:15:     gammafunk_enter_depths_forms, layout_rooms, serial_shops,
          nicolae_shop_bloodbath_and_beyond
Temple:   regret_index_temple_sphere_string
Lair:1:   layout_gridlike
Lair:2:   layout_roguey, serial_bayou_shore_a
Lair:3:   layout_regular_city, swamp_mist, nicolae_spider_entry_non_spiders
Lair:4:   layout_cave_pods, slime_entry_1, nicolae_volcano_entry_lava_flow,
          grunt_megastairs_3
Lair:5:   wormcave, layout_cellular_growth, uniq_nessos
Swamp:1:  layout_falls_marsh, evilmike_swamp_ruin_house_2
Swamp:2:  layout_basic_swamp, evilmike_swamp_ruin_house_1, swamp_pool3,
          st_swamp_ruins_1
Swamp:3:  layout_basic_swamp, portal_ice_cave_entry_pillars_1,
          nicolae_swamp_oxbows
Swamp:4:  swamp_alternative, layout_basic_swamp, swamp_pool2
Spider:1: layout_spider_delve, ebering_ghost_inner_flame
Spider:2: layout_spider_delve, gammafunk_ghost_tricky_traps
Spider:3: layout_chambers, nicolae_crawler_farm, nicolae_spider_cling_halls,
          uniq_jorgrun, uniq_agnes, uniq_mlioglotl
Spider:4: grunt_spider_rune_circles, uniq_arachne, uniq_nikola
Orc:1:    layout_caves, uniq_snorg
Orc:2:    grunt_orc_cross, layout_diamond_mine, basic_altar, uniq_urug
Vaults:1: ontoclasm_vaults_eye, v_alt_pattern_5, hangedman_vaults_impose,
          vaults_dpeg_cross, nicolae_vaults_inception_scallops,
          vaults_room_pools, nicolae_vaults_network_square, v_pattern_1,
          vaults_dpeg_emergency_exit, vaults_room_pool, hangedman_vaults_trim,
          layout_vaults_omnigrid, serial_shops, nicolae_shop_trees,
          nicolae_shop_advertising_works [nicolae_subvault_shop_adworks],
          nicolae_lakefront_shop, nicolae_shop_window_shopping, uniq_aizul,
          uniq_saint_roka, uniq_donald
Vaults:2: v_alt_pattern_1, vaults_room_semicircle,
          vaults_room_grunt_arrival_checkpoint, minmay_crypt_entry_necro_gods,
          v_rooms_6, v_rooms_1, v_misc_29, nicolae_vaults_border_crossing,
          vaults_room_hallway, v_misc_26, vaults_room_pool,
          ontoclasm_vaults_shuriken, vaults_mumra_lcd, vaults_dpeg_encased_lava,
          layout_vaults_omnicross
Vaults:3: gammafunk_ghost_arena, nicolae_vaults_circle_grid_a,
          ontoclasm_vaults_twist, vaults_mumra_minichess_inversion,
          hangedman_vaults_snaps, ontoclasm_vaults_tryst,
          vaults_standard_mumra_x, vaults_standard_mumra_lines,
          nicolae_vaults_network_quinsquares
          [nicolae_vaults_network_quincunx_subvault,
          nicolae_vaults_network_quincunx_subvault,
          nicolae_vaults_network_quincunx_subvault,
          nicolae_vaults_network_quincunx_subvault], v_misc_4, kb_rosetta,
          v_misc_16, nicolae_vaults_angled_halls, nicolae_vaults_circle_grid_a,
          layout_vaults_omnibox
Vaults:4: v_misc_23, v_misc_15, vaults_room_door_hall, ontoclasm_vaults_gateway,
          vaults_dpeg_ring, v_rooms_5, v_misc_2, st_check,
          vaults_room_fancy_cross, v_alt_pattern_6,
          nicolae_vaults_mini_display_case, nicolae_vaults_little_squares_1,
          nicolae_vaults_alarming, layout_vaults_ring
Depths:1: layout_roguey, enter_ziggurat_c, roderic_lattice_a,
          rand_demon_pan_entry_4, hangedman_coc_ice_floe, abyss_entry,
          serial_shops, kennysheep_mini, serial_bayou_lake_a
Depths:2: minmay_curly_fans, layout_basic, grunt_pan_entry_zigzag, hell_entry,
          nicolae_eternal_life, serial_nicolae_subway,
          nicolae_sub_station_stone, nicolae_sub_station_crystal,
          nicolae_sub_station_metal

Skill      XL: |  1  2  3  4  5  6  7  8  9 10 11 12 13 14 15 16 17 18 |
---------------+-------------------------------------------------------+-----
Axes           | 3 4 5 6 7 8 10 12 15 16 17 18 | 18.2
Dodging        | 1 4 6 7 8 9 |  9.0
Fighting       | 4 6 10 10 12 14 15 17 18 20 21 | 21.0
Shields        | 4 9 11 13 14 15 16 17 20 21 | 21.0
Armour         | 9 9 11 13 14 15 17 18 19 | 19.6
Throwing       | 2 3 6 8 9 |  9.9

Action                   |  1- 3 |  4- 6 |  7- 9 | 10-12 | 13-15 | 16-18 || total
-------------------------+-------+-------+-------+-------+-------+-------++-------
Melee: War axe           |    81 |   114 |   353 |   899 |  1490 |  1468 ||  4405
       Headbutt          |     7 |    17 |    65 |   224 |   412 |   461 ||  1186
       Kick              |       |       |    93 |   186 |       |       ||   279
       Morningstar       |       |       |     4 |    22 |       |       ||    26
       Eveningstar       |       |       |       |    11 |       |       ||    11
       Broad axe         |       |       |       |       |    24 |    38 ||    62
Throw: Boomerang         |       |     3 |    43 |   186 |   138 |   157 ||   527
       Javelin           |       |       |       |       |    85 |     8 ||    93
Invok: Sacrifice Artific |       |       |     1 |       |       |       ||     1
       Apocalypse        |       |       |     3 |    19 |    19 |    16 ||    57
       Sacrifice Experie |       |       |     2 |       |       |       ||     2
       Sacrifice Skill   |       |       |       |     1 |       |       ||     1
  Use: Scroll            |     4 |     2 |    16 |     6 |     6 |     9 ||    43
       Potion            |       |       |     6 |     7 |     5 |     8 ||    26
 Stab: Invisible         |       |       |     2 |     7 |     5 |    15 ||    29
       Paralysed         |       |       |       |    16 |    16 |    19 ||    51
       Distracted        |       |       |       |     3 |    10 |     4 ||    17
       Petrifying        |       |       |       |     1 |       |       ||     1
       Confused          |       |       |       |       |     2 |     1 ||     3
Armor: Scale mail        |    31 |    43 |    10 |       |       |       ||    84
       Chain mail        |       |       |    77 |     4 |       |       ||    81
       Plate armour      |       |       |    53 |   445 |   757 |   510 ||  1765
Dodge: Dodged            |    33 |    43 |    97 |   213 |   378 |   273 ||  1037
Block: Buckler           |    14 |    18 |    53 |    35 |       |       ||   120
       Kite shield       |       |       |    16 |   342 |   856 |   249 ||  1463
       Tower shield      |       |       |       |       |       |   786 ||   786

Table legend:
 A = Non-vault XP
 B = Vault XP
 C = Vault XP percentage of total XP
 D = Non-vault monster count
 E = Vault monster count
 F = Vault count percentage of total count
                 A         B        C        D         E       F
            +---------+---------+-------+---------+---------+-------
      Total |  366313 |  183881 |  33.4 |    1009 |     346 |  25.5
            +---------+---------+-------+---------+---------+-------
        D:1 |      40 |       0 |   0.0 |      22 |       0 |   0.0
        D:2 |     153 |      36 |  19.0 |      22 |       1 |   4.3
        D:3 |      20 |      32 |  61.5 |      11 |       5 |  31.2
        D:4 |     552 |       0 |   0.0 |      25 |       0 |   0.0
        D:5 |     464 |     193 |  29.4 |      21 |       2 |   8.7
        D:6 |     221 |      16 |   6.8 |       9 |       7 |  43.8
        D:7 |     930 |    1250 |  57.3 |      20 |       3 |  13.0
        D:8 |    2895 |     566 |  16.4 |      32 |       4 |  11.1
        D:9 |    3885 |    3786 |  49.4 |      31 |      22 |  41.5
       D:10 |    2664 |    2523 |  48.6 |      22 |      13 |  37.1
       D:11 |    3243 |    5293 |  62.0 |      20 |      13 |  39.4
       D:12 |    6486 |     625 |   8.8 |      25 |       1 |   3.8
       D:13 |    2217 |       0 |   0.0 |      10 |       0 |   0.0
       D:14 |    9842 |    2152 |  17.9 |      20 |       3 |  13.0
       D:15 |   13352 |    6276 |  32.0 |      31 |       8 |  20.5
     Lair:1 |    8230 |       0 |   0.0 |      18 |       0 |   0.0
     Lair:2 |    4906 |       0 |   0.0 |      11 |       0 |   0.0
     Lair:3 |    2623 |    1214 |  31.6 |      13 |       8 |  38.1
     Lair:4 |    9293 |    1238 |  11.8 |      31 |       5 |  13.9
     Lair:5 |   12143 |    1019 |   7.7 |      37 |       1 |   2.6
    Swamp:1 |   13020 |     877 |   6.3 |      22 |       1 |   4.3
    Swamp:2 |   13745 |    2799 |  16.9 |      29 |       5 |  14.7
    Swamp:3 |   11892 |     869 |   6.8 |      21 |       1 |   4.5
    Swamp:4 |   20603 |   15219 |  42.5 |      38 |      24 |  38.7
   Spider:1 |   20830 |       0 |   0.0 |      59 |       0 |   0.0
   Spider:2 |   15268 |       0 |   0.0 |      43 |       0 |   0.0
   Spider:3 |   12618 |    7352 |  36.8 |      26 |      10 |  27.8
   Spider:4 |    7391 |   22562 |  75.3 |      20 |      41 |  67.2
      Orc:1 |    8251 |     956 |  10.4 |      69 |       1 |   1.4
      Orc:2 |    2332 |    8162 |  77.8 |      13 |      34 |  72.3
   Vaults:1 |   27100 |   18002 |  39.9 |      44 |      28 |  38.9
   Vaults:2 |   31147 |   29045 |  48.3 |      42 |      41 |  49.4
   Vaults:3 |   18531 |   23467 |  55.9 |      28 |      28 |  50.0
   Vaults:4 |   15854 |   24924 |  61.1 |      21 |      30 |  58.8
   Depths:1 |   30915 |    1041 |   3.3 |      42 |       2 |   4.5
   Depths:2 |   20346 |    2387 |  10.5 |      27 |       4 |  12.9
    Abyss:3 |   12311 |       0 |   0.0 |      34 |       0 |   0.0
            +---------+---------+-------+---------+---------+-------
